Workbook
Name \C: [1]Reforma!#REF!
Name \C: [1]Reforma!#REF!
Name \D: [1]Reforma!#REF!
Name \D: [1]Reforma!#REF!
Name \G: [1]Reforma!#REF!
Name \G: [1]Reforma!#REF!
Name \I: [1]Reforma!#REF!
Name \I: [1]Reforma!#REF!
Name \l: #REF!
Name \l: #REF!
Name \M: [1]Reforma!#REF!
Name \M: [1]Reforma!#REF!
Name \P: [1]Reforma!#REF!
Name \P: [1]Reforma!#REF!
Name \R: [1]Reforma!#REF!
Name \R: [1]Reforma!#REF!
Name \s: #REF!
Name \s: #REF!
Name \t: #REF!
Name \t: #REF!
Name \Y: [1]Reforma!#REF!
Name \Y: [1]Reforma!#REF!
Name _: [1]Reforma!#REF!
Name _: [1]Reforma!#REF!
Name ___________R: #REF!
Name ___________R: #REF!
Name _________R: #REF!
Name ________MDO1: [2]INSUMOS!$C$8
Name ________MDO2: [3]INSUMOS!$C$6
Name ________R: #REF!
Name _______MDO1: [2]INSUMOS!$C$8
Name _______MDO2: [3]INSUMOS!$C$6
Name _______R: #REF!
Name ______MDO1: [2]INSUMOS!$C$8
Name ______MDO2: [3]INSUMOS!$C$6
Name ______R: #REF!
Name _____MDO1: [4]INSUMOS!$C$8
Name _____MDO2: [3]INSUMOS!$C$6
Name _____R: #REF!
Name ____MDO1: [4]INSUMOS!$C$8
Name ____MDO2: [3]INSUMOS!$C$6
Name ____R: #REF!
Name ___ELE3: #REF!
Name ___MDO1: [4]INSUMOS!$C$8
Name ___MDO2: [3]INSUMOS!$C$6
Name ___R: #REF!
Name ___sub1: #REF!
Name ___sub2: #REF!
Name ___sub3: #REF!
Name ___sub4: #REF!
Name ___tot1: #REF!
Name ___tot2: #REF!
Name ___tot3: #REF!
Name ___tot4: #REF!
Name ___tot5: #REF!
Name ___tot6: #REF!
Name ___tot7: #REF!
Name ___tot8: #REF!
Name __ELE1: #REF!
Name __ELE2: #REF!

Sheet PROPOSTA
A1: R & S ENGENHARIA E CONSULTORIA
A2: CNPJ: 30.836.850/0001-95
A3: Endereço: Rua Euclides Magno Bacalhau, n° 195, Centro, Ingá – PB
A4: Telefone: (83) 9 9806-7435
A5: E-mail: resengenhariaeconsultoria@outlook.com
A9: OBRA: CONTRATAÇÃO DE EMPRESA ESPECIALIZADA PARA EXECUÇÃO DE ESCOLA COM 13 SALAS – TÉRREO, NO MUNICÍPIO DE MOGEIRO –PB, CONFORME TERMO DE COMPROMISSO Nº 960784/2024/FNDE/CAIXA – OPERAÇÃO Nº 1094601–47 – PROGRAMA: EDUCAÇÃO BÁSICA DEMOCRÁTICA, COM QUALIDADE E EQUIDADE.
A10: LOCAL: MUNICIPIO DE MOGEIRO/PB
A11: BDI: 22,47%
A12: SINAPI: PB 01/2025-ORSE: SE 12/2024/PRÓPIO - PREÇOS NÃO DESONERADOS
A13: Encargos Sociais Encargos sociais SEM desoneração: Horista: 113,60% Mensalista: 69,85%
A15: PREFEITURA MUNICIPAL DE MOGEIRO/PB
A16: CONCORRÊNCIA ELETRÔNICA N° 00008/2025
A18: PLANILHA ORÇAMENTÁRIA
A20: ÍTEM | B20: Código | C20: Fonte | D20: DESCRIÇÃO SERVIÇO | E20: UNIDADE | F20: QUANTIDADE | G20: CUSTO UNITÁRIO | H20: PREÇO UNITÁRIO COM BDI | I20: PREÇO TOTAL COM BDI
A21: 1.0 | D21: ADMINISTRAÇÃO LOCAL | I21: 751651.12
A22: 1.1 | B22: FNDE 52 | C22: Composição | D22: ADMINISTRAÇÃO LOCAL | E22: UN | F22: 1,00 | G22: 613743.05 | H22: 751651.12 | I22: =H22*F22 -> 751651.12
A23: 2.0 | D23: SERVIÇOS PRELIMINARES | I23: 243528.53
A24: 2.1 | B24: 103689 | C24: SINAPI | D24: FORNECIMENTO E INSTALAÇÃO DE PLACA DE OBRA COM CHAPA GALVANIZADA E ESTRUTURA DE MADEIRA. | E24: M2 | F24: 6,48 | G24: 459.65 | H24: 562.93 | I24: =H24*F24 -> 3647.7864
A25: 2.2 | B25: 98459 | C25: SINAPI | D25: TAPUME COM TELHA METÁLICA. | E25: M2 | F25: 726,00 | G25: 89.91 | H25: 110.11 | I25: =H25*F25 -> 79939.86
A26: 2.3 | B26: 101509 | C26: SINAPI | D26: ENTRADA DE ENERGIA ELÉTRICA, AÉREA, TRIFÁSICA, COM CAIXA DE EMBUTIR, CABO DE 10 MM2 E DISJUNTOR DIN 50A (NÃO INCLUSO O POSTE DE CONCRETO). | E26: UN | F26: 1,00 | G26: 1879.98 | H26: 2302.41 | I26: =H26*F26 -> 2302.41
A27: 2.4 | B27: FNDE 03 | C27: Composição | D27: LIGAÇÃO PROVISÓRIA DE ÁGUA E ESGOTO | E27: UN | F27: 1,00 | G27: 2953.15 | H27: 3616.72 | I27: =H27*F27 -> 3616.72
A28: 2.5 | B28: 99059 | C28: SINAPI | D28: LOCAÇÃO CONVENCIONAL DE OBRA, UTILIZANDO GABARITO DE TÁBUAS CORRIDAS PONTALETADAS A CADA 2,00M - 2 UTILIZAÇÕES. | E28: M | F28: 911,48 | G28: 57.17 | H28: 70.02 | I28: =H28*F28 -> 63821.83
A29: 2.6 | B29: 98525 | C29: SINAPI | D29: LIMPEZA MECANIZADA DE CAMADA VEGETAL, VEGETAÇÃO E PEǪUENAS ÁRVORES (DIÂMETRO DE TRONCO MENOR ǪUE 0,20 M), COM TRATOR DE ESTEIRAS. | E29: M2 | F29: 6.800,00 | G29: 0.6 | H29: 0.73 | I29: =H29*F29 -> 4964
A30: 2.7 | B30: FNDE 230 | C30: Composição | D30: LOCACAO DE CONTAINER 2,30 X 6,00 M, ALT. 2,50 M, PARA ESCRITORIO, SEM DIVISORIAS INTERNAS E SEM SANITARIO (NAO INCLUI MOBILIZACAO/DESMOBILIZACAO) | E30: MÊS | F30: 28,00 | G30: 640.62 | H30: 784.57 | I30: =H30*F30 -> 21967.96
A31: 2.8 | B31: FNDE 231 | C31: Composição | D31: LOCACAO DE CONTAINER 2,30 X 6,00 M, ALT. 2,50 M, COM 1 SANITARIO, PARA ESCRITORIO, COMPLETO, SEM DIVISORIAS INTERNAS (NAO INCLUI MOBILIZACAO/DESMOBILIZACAO) | E31: MÊS | F31: 28,00 | G31: 820 | H31: 1004.25 | I31: =H31*F31 -> 28119
A32: 2.9 | B32: FNDE 232 | C32: Composição | D32: LOCACAO DE CONTAINER 2,30 X 6,00 M, ALT. 2,50 M, PARA SANITARIO, COM 4 BACIAS, 8 CHUVEIROS,1 LAVATORIO E 1 MICTORIO (NAO INCLUI MOBILIZACAO/DESMOBILIZACAO) | E32: MÊS | F32: 28,00 | G32: 1025 | H32: 1255.32 | I32: =H32*F32 -> 35148.96
A33: 3.0 | D33: MOVIMENTO DE TERRA PARA FUNDAÇÕES | I33: 88974.27
A34: 3.1 | D34: EDIFICAÇÃO | I34: =SUM(I35:I39) -> 76063.61
A35: 3.1.1 | B35: 96521 | C35: SINAPI | D35: ESCAVAÇÃO MECANIZADA PARA BLOCO DE COROAMENTO OU SAPATA COM RETROESCAVADEIRA (INCLUINDO ESCAVAÇÃO PARA COLOCAÇÃO DE FÔRMAS). | E35: M3 | F35: 328,06 | G35: 37.7 | H35: 46.17 | I35: =H35*F35 -> 15146.53
A36: 3.1.2 | B36: 94318 | C36: SINAPI | D36: ATERRO MECANIZADO DE VALA COM RETROESCAVADEIRA (CAPACIDADE DA CAÇAMBA DA RETRO: 0,26 M³ / POTÊNCIA: 88 HP), LARGURA ATÉ 1,5 M, PROFUNDIDADE DE 1,5 A 3,0 M, COM SOLO ARGILO- ARENOSO. | E36: M3 | F36: 298,71 | G36: 62.91 | H36: 77.05 | I36: =H36*F36 -> 23015.605
A37: 3.1.3 | B37: 96525 | C37: SINAPI | D37: ESCAVAÇÃO MECANIZADA PARA VIGA BALDRAME OU SAPATA CORRIDA COM MINI-ESCAVADEIRA (INCLUINDO ESCAVAÇÃO PARA COLOCAÇÃO DE FÔRMAS). | E37: M3 | F37: 433,13 | G37: 50.7 | H37: 62.09 | I37: =H37*F37 -> 26893.042
A38: 3.1.4 | B38: 101617 | C38: SINAPI | D38: PREPARO DE FUNDO DE VALA COM LARGURA MAIOR OU IGUAL A 1,5 M E MENOR ǪUE 2,5 M (ACERTO DO SOLO NATURAL). | E38: M2 | F38: 432,57 | G38: 2.65 | H38: 3.25 | I38: =H38*F38 -> 1405.8525
A39: 3.1.5 | B39: 93381 | C39: SINAPI | D39: REATERRO MECANIZADO DE VALA COM RETROESCAVADEIRA (CAPACIDADE DA CAÇAMBA DA RETRO: 0,26 M³/POTÊNCIA: 88 HP), LARGURA 0,8 A 1,5 M, PROFUNDIDADE 1,5 A 3,0 M, COM SOLO (SEM SUBSTITUIÇÃO) DE 19 CATEGORIA E COMPACTADOR DE SOLOS DE PERCUSSÃO. | E39: M3 | F39: 710,25 | G39: 11.04 | H39: 13.52 | I39: =H39*F39 -> 9602.58
A40: 3.2 | D40: RESERVATÓRIO | I40: =SUM(I41:I44) -> 1325.3472
A41: 3.2.1 | B41: 96521 | C41: SINAPI | D41: ESCAVAÇÃO MECANIZADA PARA BLOCO DE COROAMENTO OU SAPATA COM RETROESCAVADEIRA (INCLUINDO ESCAVAÇÃO PARA COLOCAÇÃO DE FÔRMAS). | E41: M3 | F41: 8,71 | G41: 37.7 | H41: 46.17 | I41: =H41*F41 -> 402.1407
A42: 3.2.2 | B42: 96525 | C42: SINAPI | D42: ESCAVAÇÃO MECANIZADA PARA VIGA BALDRAME OU SAPATA CORRIDA COM MINI-ESCAVADEIRA (INCLUINDO ESCAVAÇÃO PARA COLOCAÇÃO DE FÔRMAS). | E42: M3 | F42: 11,47 | G42: 50.7 | H42: 62.09 | I42: =H42*F42 -> 712.1723
A43: 3.2.3 | B43: 101617 | C43: SINAPI | D43: PREPARO DE FUNDO DE VALA COM LARGURA MAIOR OU IGUAL A 1,5 M E MENOR ǪUE 2,5 M (ACERTO DO SOLO NATURAL). | E43: M2 | F43: 20,38 | G43: 2.65 | H43: 3.25 | I43: =H43*F43 -> 66.235
A44: 3.2.4 | B44: 93381 | C44: SINAPI | D44: REATERRO MECANIZADO DE VALA COM RETROESCAVADEIRA (CAPACIDADE DA CAÇAMBA DA RETRO: 0,26 M³/POTÊNCIA: 88 HP), LARGURA 0,8 A 1,5 M, PROFUNDIDADE 1,5 A 3,0 M, COM SOLO (SEM SUBSTITUIÇÃO) DE 19 CATEGORIA E COMPACTADOR DE SOLOS DE PERCUSSÃO. | E44: M3 | F44: 10,71 | G44: 11.04 | H44: 13.52 | I44: =H44*F44 -> 144.7992
A45: 3.3 | D45: ESTUTURA METÁLICA | I45: =SUM(I46:I48) -> 4396.2489
A46: 3.3.1 | B46: 96521 | C46: SINAPI | D46: ESCAVAÇÃO MECANIZADA PARA BLOCO DE COROAMENTO OU SAPATA COM RETROESCAVADEIRA (INCLUINDO ESCAVAÇÃO PARA COLOCAÇÃO DE FÔRMAS). | E46: M3 | F46: 79,62 | G46: 37.7 | H46: 46.17 | I46: =H46*F46 -> 3676.0554
A47: 3.3.2 | B47: 101617 | C47: SINAPI | D47: PREPARO DE FUNDO DE VALA COM LARGURA MAIOR OU IGUAL A 1,5 M E MENOR ǪUE 2,5 M (ACERTO DO SOLO NATURAL). | E47: M2 | F47: 56,03 | G47: 2.65 | H47: 3.25 | I47: =H47*F47 -> 182.0975
A48: 3.3.3 | B48: 93381 | C48: SINAPI | D48: REATERRO MECANIZADO DE VALA COM RETROESCAVADEIRA (CAPACIDADE DA CAÇAMBA DA RETRO: 0,26 M³/POTÊNCIA: 88 HP), LARGURA 0,8 A 1,5 M, PROFUNDIDADE 1,5 A 3,0 M, COM SOLO (SEM SUBSTITUIÇÃO) DE 19 CATEGORIA E COMPACTADOR DE SOLOS DE PERCUSSÃO. | E48: M3 | F48: 39,80 | G48: 11.04 | H48: 13.52 | I48: =H48*F48 -> 538.096
A49: 3.4 | D49: MURO | I49: =SUM(I50:I54) -> 7189.0643
A50: 3.4.1 | B50: 96521 | C50: SINAPI | D50: ESCAVAÇÃO MECANIZADA PARA BLOCO DE COROAMENTO OU SAPATA COM RETROESCAVADEIRA (INCLUINDO ESCAVAÇÃO PARA COLOCAÇÃO DE FÔRMAS). | E50: M3 | F50: 60,77 | G50: 37.7 | H50: 46.17 | I50: =H50*F50 -> 2805.7509
A51: 3.4.2 | B51: 94318 | C51: SINAPI | D51: ATERRO MECANIZADO DE VALA COM RETROESCAVADEIRA (CAPACIDADE DA CAÇAMBA DA RETRO: 0,26 M³ / POTÊNCIA: 88 HP), LARGURA ATÉ 1,5 M, PROFUNDIDADE DE 1,5 A 3,0 M, COM SOLO ARGILO- ARENOSO. | E51: M3 | F51: 1,63 | G51: 62.91 | H51: 77.05 | I51: =H51*F51 -> 125.5915
A52: 3.4.3 | B52: 96525 | C52: SINAPI | D52: ESCAVAÇÃO MECANIZADA PARA VIGA BALDRAME OU SAPATA CORRIDA COM MINI-ESCAVADEIRA (INCLUINDO ESCAVAÇÃO PARA COLOCAÇÃO DE FÔRMAS). | E52: M3 | F52: 51,41 | G52: 50.7 | H52: 62.09 | I52: =H52*F52 -> 3192.0469
A53: 3.4.4 | B53: 101617 | C53: SINAPI | D53: PREPARO DE FUNDO DE VALA COM LARGURA MAIOR OU IGUAL A 1,5 M E MENOR ǪUE 2,5 M (ACERTO DO SOLO NATURAL). AF_08/2020 | E53: M2 | F53: 98,06 | G53: 2.65 | H53: 3.25 | I53: =H53*F53 -> 318.695
A54: 3.4.5 | B54: 93381 | C54: SINAPI | D54: REATERRO MECANIZADO DE VALA COM RETROESCAVADEIRA (CAPACIDADE DA CAÇAMBA DA RETRO: 0,26 M³/POTÊNCIA: 88 HP), LARGURA 0,8 A 1,5 M, PROFUNDIDADE 1,5 A 3,0 M, COM SOLO (SEM SUBSTITUIÇÃO) DE 19 CATEGORIA E COMPACTADOR DE SOLOS DE PERCUSSÃO. AF_08/2023 | E54: M3 | F54: 55,25 | G54: 11.04 | H54: 13.52 | I54: =H54*F54 -> 746.98
A55: 4.0 | D55: FUNDAÇÕES | I55: 1132711.2
A56: 4.1 | D56: CONCRETO ARMADO PARA FUNDAÇÕES - ESTACAS | I56: =SUM(I57:I60) -> 230212.43
A57: 4.1.1 | B57: 100897 | C57: SINAPI | D57: ESTACA ESCAVADA MECANICAMENTE, SEM FLUIDO ESTABILIZANTE, COM 40CM DE DIÂMETRO, CONCRETO LANÇADO POR CAMINHÃO BETONEIRA (EXCLUSIVE MOBILIZAÇÃO E DESMOBILIZAÇÃO). AF_01/2020_PA | E57: M | F57: 1.116,50 | G57: 121.99 | H57: 149.4 | I57: =H57*F57 -> 166805.1
A58: 4.1.2 | B58: FNDE 236 | C58: Composição | D58: ESTACA ESCAVADA MECANICAMENTE, SEM FLUIDO ESTABILIZANTE, COM 40CM DE DIÂMETRO, CONCRETO LANÇADO POR CAMINHÃO BETONEIRA (EXCLUSIVE MOBILIZAÇÃO E DESMOBILIZAÇÃO) - MURO | E58: M | F58: 252,00 | G58: 51.91 | H58: 63.57 | I58: =H58*F58 -> 16019.64
A59: 4.1.3 | B59: FNDE 237 | C59: Composição | D59: ESTACA ESCAVADA MECANICAMENTE, SEM FLUIDO ESTABILIZANTE, COM 40CM DE DIÂMETRO, CONCRETO LANÇADO POR CAMINHÃO BETONEIRA (EXCLUSIVE MOBILIZAÇÃO E DESMOBILIZAÇÃO). RESERVATÓRIO | E59: M | F59: 42,00 | G59: 133.37 | H59: 163.34 | I59: =H59*F59 -> 6860.28
A60: 4.1.4 | B60: FNDE 238 | C60: Composição | D60: ESTACA ESCAVADA MECANICAMENTE, SEM FLUIDO ESTABILIZANTE, COM 40CM DE DIÂMETRO, CONCRETO LANÇADO POR CAMINHÃO BETONEIRA (EXCLUSIVE MOBILIZAÇÃO E DESMOBILIZAÇÃO) - ESTRUTURA METÁLICA | E60: M | F60: 269,50 | G60: 122.79 | H60: 150.38 | I60: =H60*F60 -> 40527.41
A61: 4.2 | D61: CONCRETO ARMADO PARA BLOCOS | I61: =SUM(I62:I71) -> 344275.94
A62: 4.2.1 | B62: 96619 | C62: SINAPI | D62: LASTRO DE CONCRETO MAGRO, APLICADO EM BLOCOS DE COROAMENTO OU SAPATAS, ESPESSURA DE 5 CM. | E62: M2 | F62: 192,08 | G62: 36.66 | H62: 44.9 | I62: =H62*F62 -> 8624.392
A63: 4.2.2 | B63: 96534 | C63: SINAPI | D63: FABRICAÇÃO, MONTAGEM E DESMONTAGEM DE FÔRMA PARA BLOCO DE COROAMENTO, EM MADEIRA SERRADA, E=25 MM, 4 UTILIZAÇÕES. | E63: M2 | F63: 836,69 | G63: 76.29 | H63: 93.43 | I63: =H63*F63 -> 78171.947
A64: 4.2.3 | B64: 96544 | C64: SINAPI | D64: ARMAÇÃO DE BLOCO UTILIZANDO AÇO CA-50 DE 6,3 MM - MONTAGEM. | E64: KG | F64: 305,05 | G64: 16.83 | H64: 20.61 | I64: =H64*F64 -> 6287.0805
A65: 4.2.4 | B65: 96545 | C65: SINAPI | D65: ARMAÇÃO DE BLOCO UTILIZANDO AÇO CA-50 DE 8 MM - MONTAGEM. | E65: KG | F65: 2.540,31 | G65: 15.41 | H65: 18.87 | I65: =H65*F65 -> 47935.65
A66: 4.2.5 | B66: 96546 | C66: SINAPI | D66: ARMAÇÃO DE BLOCO UTILIZANDO AÇO CA-50 DE 10 MM - MONTAGEM. | E66: KG | F66: 1.194,47 | G66: 13.59 | H66: 16.64 | I66: =H66*F66 -> 19875.981
A67: 4.2.6 | B67: 104920 | C67: SINAPI | D67: ARMAÇÃO DE BLOCO, SAPATA ISOLADA, VIGA BALDRAME E SAPATA CORRIDA UTILIZANDO AÇO CA-50 DE 12,5 MM - MONTAGEM. | E67: KG | F67: 1.341,17 | G67: 10.66 | H67: 13.06 | I67: =H67*F67 -> 17515.68
A68: 4.2.7 | B68: 104921 | C68: SINAPI | D68: ARMAÇÃO DE BLOCO, SAPATA ISOLADA, VIGA BALDRAME E SAPATA CORRIDA UTILIZANDO AÇO CA-50 DE 16 MM - MONTAGEM. | E68: KG | F68: 814,53 | G68: 10.12 | H68: 12.39 | I68: =H68*F68 -> 10092.027
A69: 4.2.8 | B69: 104922 | C69: SINAPI | D69: ARMAÇÃO DE BLOCO, SAPATA ISOLADA E SAPATA CORRIDA UTILIZANDO AÇO CA-50 DE 20 MM - MONTAGEM. | E69: KG | F69: 355,05 | G69: 11.24 | H69: 13.77 | I69: =H69*F69 -> 4889.0385
A70: 4.2.9 | B70: 92915 | C70: SINAPI | D70: ARMAÇÃO DE ESTRUTURAS DIVERSAS DE CONCRETO ARMADO, EXCETO VIGAS, PILARES, LAJES E FUNDAÇÕES, UTILIZANDO AÇO CA-60 DE 5,0 MM - MONTAGEM. | E70: KG | F70: 560,02 | G70: 15.77 | H70: 19.31 | I70: =H70*F70 -> 10813.986
A71: 4.2.10 | B71: 96557 | C71: SINAPI | D71: CONCRETAGEM DE BLOCO DE COROAMENTO OU VIGA BALDRAME, FCK 30 MPA, COM USO DE BOMBA - LANÇAMENTO, ADENSAMENTO E ACABAMENTO. | E71: M3 | F71: 152,90 | G71: 748.01 | H71: 916.09 | I71: =H71*F71 -> 140070.16
A72: 4.3 | I72: =SUM(I73:I79) -> 55601.502
A73: 4.3.1 | B73: 96619 | C73: SINAPI | D73: LASTRO DE CONCRETO MAGRO, APLICADO EM BLOCOS DE COROAMENTO OU SAPATAS, ESPESSURA DE 5 CM. | E73: M2 | F73: 31,22 | G73: 36.66 | H73: 44.9 | I73: =H73*F73 -> 1401.778
A74: 4.3.2 | B74: 96534 | C74: SINAPI | D74: FABRICAÇÃO, MONTAGEM E DESMONTAGEM DE FÔRMA PARA BLOCO DE COROAMENTO, EM MADEIRA SERRADA, E=25 MM, 4 UTILIZAÇÕES. | E74: M2 | F74: 117,86 | G74: 76.29 | H74: 93.43 | I74: =H74*F74 -> 11011.66
A75: 4.3.3 | B75: 96544 | C75: SINAPI | D75: ARMAÇÃO DE BLOCO UTILIZANDO AÇO CA-50 DE 6,3 MM - MONTAGEM. | E75: KG | F75: 287,14 | G75: 16.83 | H75: 20.61 | I75: =H75*F75 -> 5917.9554
A76: 4.3.4 | B76: 96545 | C76: SINAPI | D76: ARMAÇÃO DE BLOCO UTILIZANDO AÇO CA-50 DE 8 MM - MONTAGEM. | E76: KG | F76: 8,52 | G76: 15.41 | H76: 18.87 | I76: =H76*F76 -> 160.7724
A77: 4.3.5 | B77: 96546 | C77: SINAPI | D77: ARMAÇÃO DE BLOCO UTILIZANDO AÇO CA-50 DE 10 MM - MONTAGEM. | E77: KG | F77: 351,64 | G77: 13.59 | H77: 16.64 | I77: =H77*F77 -> 5851.2896
A78: 4.3.6 | B78: 92915 | C78: SINAPI | D78: ARMAÇÃO DE ESTRUTURAS DIVERSAS DE CONCRETO ARMADO, EXCETO VIGAS, PILARES, LAJES E FUNDAÇÕES, UTILIZANDO AÇO CA-60 DE 5,0 MM - MONTAGEM. | E78: KG | F78: 625,33 | G78: 15.77 | H78: 19.31 | I78: =H78*F78 -> 12075.122
A79: 4.3.7 | B79: 96557 | C79: SINAPI | D79: CONCRETAGEM DE BLOCO DE COROAMENTO OU VIGA BALDRAME, FCK 30 MPA, COM USO DE BOMBA - LANÇAMENTO, ADENSAMENTO E ACABAMENTO. | E79: M3 | F79: 20,94 | G79: 748.01 | H79: 916.09 | I79: =H79*F79 -> 19182.925
A80: 4.4 | D80: CONCRETO ARMADO PARA FUNDAÇÕES - BLOCOS - RESERVATÓRIO | I80: =SUM(I81:I85) -> 6621.8123
A81: 4.4.1 | B81: 96619 | C81: SINAPI | D81: LASTRO DE CONCRETO MAGRO, APLICADO EM BLOCOS DE COROAMENTO OU SAPATAS, ESPESSURA DE 5 CM. | E81: M2 | F81: 4,32 | G81: 36.66 | H81: 44.9 | I81: =H81*F81 -> 193.968
A82: 4.4.2 | B82: 96534 | C82: SINAPI | D82: FABRICAÇÃO, MONTAGEM E DESMONTAGEM DE FÔRMA PARA BLOCO DE COROAMENTO, EM MADEIRA SERRADA, E=25 MM, 4 UTILIZAÇÕES. | E82: M2 | F82: 17,28 | G82: 76.29 | H82: 93.43 | I82: =H82*F82 -> 1614.4704
A83: 4.4.3 | B83: 96545 | C83: SINAPI | D83: ARMAÇÃO DE BLOCO UTILIZANDO AÇO CA-50 DE 8 MM - MONTAGEM. | E83: KG | F83: 45,12 | G83: 15.41 | H83: 18.87 | I83: =H83*F83 -> 851.4144
A84: 4.4.4 | B84: 96546 | C84: SINAPI | D84: ARMAÇÃO DE BLOCO UTILIZANDO AÇO CA-50 DE 10 MM - MONTAGEM. | E84: KG | F84: 95,51 | G84: 13.59 | H84: 16.64 | I84: =H84*F84 -> 1589.2864
A85: 4.4.5 | B85: 96557 | C85: SINAPI | D85: CONCRETAGEM DE BLOCO DE COROAMENTO OU VIGA BALDRAME, FCK 30 MPA, COM USO DE BOMBA - LANÇAMENTO, ADENSAMENTO E ACABAMENTO. | E85: M3 | F85: 2,59 | G85: 748.01 | H85: 916.09 | I85: =H85*F85 -> 2372.6731
A86: 4.5 | D86: CONCRETO ARMADO PARA FUNDAÇÕES - BLOCOS - METÁLICA | I86: =SUM(I87:I92) -> 76965.563
A87: 4.5.1 | B87: 96619 | C87: SINAPI | D87: LASTRO DE CONCRETO MAGRO, APLICADO EM BLOCOS DE COROAMENTO OU SAPATAS, ESPESSURA DE 5 CM. AF_01/2024 | E87: M2 | F87: 52,67 | G87: 36.66 | H87: 44.9 | I87: =H87*F87 -> 2364.883
A88: 4.5.2 | B88: 96534 | C88: SINAPI | D88: FABRICAÇÃO, MONTAGEM E DESMONTAGEM DE FÔRMA PARA BLOCO DE COROAMENTO, EM MADEIRA SERRADA, E=25 MM, 4 UTILIZAÇÕES. | E88: M2 | F88: 126,91 | G88: 76.29 | H88: 93.43 | I88: =H88*F88 -> 11857.201
A89: 4.5.3 | B89: 96544 | C89: SINAPI | D89: ARMAÇÃO DE BLOCO UTILIZANDO AÇO CA-50 DE 6,3 MM - MONTAGEM. | E89: KG | F89: 349,32 | G89: 16.83 | H89: 20.61 | I89: =H89*F89 -> 7199.4852
A90: 4.5.4 | B90: 96545 | C90: SINAPI | D90: ARMAÇÃO DE BLOCO UTILIZANDO AÇO CA-50 DE 8 MM - MONTAGEM. | E90: KG | F90: 247,84 | G90: 15.41 | H90: 18.87 | I90: =H90*F90 -> 4676.7408
A91: 4.5.5 | B91: 96546 | C91: SINAPI | D91: ARMAÇÃO DE BLOCO UTILIZANDO AÇO CA-50 DE 10 MM - MONTAGEM. | E91: KG | F91: 888,92 | G91: 13.59 | H91: 16.64 | I91: =H91*F91 -> 14791.629
A92: 4.5.6 | B92: 96557 | C92: SINAPI | D92: CONCRETAGEM DE BLOCO DE COROAMENTO OU VIGA BALDRAME, FCK 30 MPA, COM USO DE BOMBA - LANÇAMENTO, ADENSAMENTO E ACABAMENTO. | E92: M3 | F92: 39,38 | G92: 748.01 | H92: 916.09 | I92: =H92*F92 -> 36075.624
A93: 4.6 | D93: CONCRETO ARMADO PARA FUNDAÇÕES - VIGAS BALDRAMES | I93: =SUM(I94:I103) -> 346206.87
A94: 4.6.1 | B94: 96619 | C94: SINAPI | D94: LASTRO DE CONCRETO MAGRO, APLICADO EM BLOCOS DE COROAMENTO OU SAPATAS, ESPESSURA DE 5 CM. | E94: M2 | F94: 254,22 | G94: 36.66 | H94: 44.9 | I94: =H94*F94 -> 11414.478
A95: 4.6.2 | B95: 94968 | C95: SINAPI | D95: CONCRETO MAGRO PARA LASTRO, TRAÇO 1:4,5:4,5 (EM MASSA SECA DE CIMENTO/ AREIA MÉDIA/ BRITA 1) - PREPARO MECÂNICO COM BETONEIRA 600 L. | E95: M3 | F95: 104,55 | G95: 384.88 | H95: 471.36 | I95: =H95*F95 -> 49280.688
A96: 4.6.3 | B96: 96536 | C96: SINAPI | D96: FABRICAÇÃO, MONTAGEM E DESMONTAGEM DE FÔRMA PARA VIGA BALDRAME, EM MADEIRA SERRADA, E=25 MM, 4 UTILIZAÇÕES. | E96: M2 | F96: 1.365,43 | G96: 67.09 | H96: 82.17 | I96: =H96*F96 -> 112197.38
A97: 4.6.4 | B97: 104917 | C97: SINAPI | D97: ARMAÇÃO DE SAPATA ISOLADA, VIGA BALDRAME E SAPATA CORRIDA UTILIZANDO AÇO CA-50 DE 6,3 MM - MONTAGEM. | E97: KG | F97: 29,08 | G97: 14.82 | H97: 18.15 | I97: =H97*F97 -> 527.802
A98: 4.6.5 | B98: 104918 | C98: SINAPI | D98: ARMAÇÃO DE SAPATA ISOLADA, VIGA BALDRAME E SAPATA CORRIDA UTILIZANDO AÇO CA-50 DE 8 MM - MONTAGEM. | E98: KG | F98: 2.164,47 | G98: 13.93 | H98: 17.06 | I98: =H98*F98 -> 36925.858
A99: 4.6.6 | B99: 104919 | C99: SINAPI | D99: ARMAÇÃO DE SAPATA ISOLADA, VIGA BALDRAME E SAPATA CORRIDA UTILIZANDO AÇO CA-50 DE 10 MM - MONTAGEM. | E99: KG | F99: 1.012,24 | G99: 12.51 | H99: 15.32 | I99: =H99*F99 -> 15507.517
A100: 4.6.7 | B100: 104920 | C100: SINAPI | D100: ARMAÇÃO DE BLOCO, SAPATA ISOLADA, VIGA BALDRAME E SAPATA CORRIDA UTILIZANDO AÇO CA-50 DE 12,5 MM - MONTAGEM. | E100: KG | F100: 245,63 | G100: 10.66 | H100: 13.06 | I100: =H100*F100 -> 3207.9278
A101: 4.6.8 | B101: 104921 | C101: SINAPI | D101: ARMAÇÃO DE BLOCO, SAPATA ISOLADA, VIGA BALDRAME E SAPATA CORRIDA UTILIZANDO AÇO CA-50 DE 16 MM - MONTAGEM. | E101: KG | F101: 7,48 | G101: 10.12 | H101: 12.39 | I101: =H101*F101 -> 92.6772
A102: 4.6.9 | B102: 92915 | C102: SINAPI | D102: ARMAÇÃO DE ESTRUTURAS DIVERSAS DE CONCRETO ARMADO, EXCETO VIGAS, PILARES, LAJES E FUNDAÇÕES, UTILIZANDO AÇO CA-60 DE 5,0 MM - MONTAGEM. | E102: KG | F102: 1.104,15 | G102: 15.77 | H102: 19.31 | I102: =H102*F102 -> 21321.137
A103: 4.6.10 | B103: 96557 | C103: SINAPI | D103: CONCRETAGEM DE BLOCO DE COROAMENTO OU VIGA BALDRAME, FCK 30 MPA, COM USO DE BOMBA - LANÇAMENTO, ADENSAMENTO E ACABAMENTO. | E103: M3 | F103: 104,50 | G103: 748.01 | H103: 916.09 | I103: =H103*F103 -> 95731.405
A104: 4.7 | D104: CONCRETO ARMADO PARA FUNDAÇÕES - VIGAS BALDRAMES - MURO | I104: =SUM(I105:I110) -> 48132.62
A105: 4.7.1 | B105: 96619 | C105: SINAPI | D105: LASTRO DE CONCRETO MAGRO, APLICADO EM BLOCOS DE COROAMENTO OU SAPATAS, ESPESSURA DE 5 CM. | E105: M2 | F105: 51,41 | G105: 36.66 | H105: 44.9 | I105: =H105*F105 -> 2308.309
A106: 4.7.2 | B106: 94968 | C106: SINAPI | D106: CONCRETO MAGRO PARA LASTRO, TRAÇO 1:4,5:4,5 (EM MASSA SECA DE CIMENTO/ AREIA MÉDIA/ BRITA 1) - PREPARO MECÂNICO COM BETONEIRA 600 L. | E106: M3 | F106: 0,57 | G106: 384.88 | H106: 471.36 | I106: =H106*F106 -> 268.6752
...

Sheet CRONOGRAMA
A1: R & S ENGENHARIA E CONSULTORIA
A2: CNPJ: 30.836.850/0001-95
A3: Endereço: Rua Euclides Magno Bacalhau, n° 195, Centro, Ingá – PB
A4: Telefone: (83) 9 9806-7435
A5: E-mail: resengenhariaeconsultoria@outlook.com
A9: OBRA: CONTRATAÇÃO DE EMPRESA ESPECIALIZADA PARA EXECUÇÃO DE ESCOLA COM 13 SALAS – TÉRREO, NO MUNICÍPIO DE MOGEIRO –PB, CONFORME TERMO DE COMPROMISSO Nº 960784/2024/FNDE/CAIXA – OPERAÇÃO Nº 1094601–47 – PROGRAMA: EDUCAÇÃO BÁSICA DEMOCRÁTICA, COM QUALIDADE E EQUIDADE.
A10: LOCAL: MUNICIPIO DE MOGEIRO/PB
A11: BDI: 22,47%
A12: SINAPI: PB 01/2025-ORSE: SE 12/2024/PRÓPIO - PREÇOS NÃO DESONERADOS
A13: Encargos Sociais Encargos sociais SEM desoneração: Horista: 113,60% Mensalista: 69,85%
A15: PREFEITURA MUNICIPAL DE MOGEIRO/PB
A16: CONCORRÊNCIA ELETRÔNICA N° 00008/2025
A18: CRONOGRAMA FISICO-FINANCEIRO
A20: ITEM | B20: DESCRIÇÃO | C20: VALOR (R$) | D20: PARCELA 01 | E20: PARCELA 02 | F20: PARCELA 03 | G20: PARCELA 04 | H20: PARCELA 05 | I20: PARCELA 06 | J20: PARCELA 07 | K20: PARCELA 08 | L20: PARCELA 09 | M20: PARCELA 10 | N20: PARCELA 11 | O20: PARCELA 12 | P20: PARCELA 13 | Q20: PARCELA 14 | R20: PARCELA 15 | S20: PARCELA 16 | T20: PARCELA 17 | U20: PARCELA 18 | V20: PARCELA 19 | W20: PARCELA 20 | X20: PARCELA 21 | Y20: PARCELA 22 | Z20: PARCELA 23 | AA20: PARCELA 24 | AB20: PARCELA 25 | AC20: PARCELA 26 | AD20: PARCELA 27 | AE20: PARCELA 28 | AF20: TOTAL
A21: 1 | B21: =[40]PROPOSTA!D20 -> ADMINISTRAÇÃO LOCAL | C21: =PROPOSTA!I21 -> 751651.12 | D21: 0.0219 | E21: 0.0298 | F21: 0.0498 | G21: 0.0587 | H21: 0.0892 | I21: 0.0542 | J21: 0.0803 | K21: 0.0797 | L21: 0.0809 | M21: 0.077 | N21: 0.0781 | O21: 0.0546 | P21: 0.0554 | Q21: 0.0329 | R21: 0.0144 | S21: 0.0121 | T21: 0.0143 | U21: 0.015 | V21: 0.0075 | W21: 0.0076 | X21: 0.0079 | Y21: 0.0126 | Z21: 0.0106 | AA21: 0.0111 | AB21: 0.0162 | AC21: 0.02 | AD21: 0.0036 | AE21: 0.0046 | AF21: =SUM(D21:AE21) -> 1
D22: =D21*C21 -> 16461.16 | E22: =E21*C21 -> 22399.203 | F22: =F21*C21 -> 37432.226 | G22: =G21*C21 -> 44121.921 | H22: =H21*C21 -> 67047.28 | I22: =I21*C21 -> 40739.491 | J22: =J21*C21 -> 60357.585 | K22: =K21*C21 -> 59906.594 | L22: =L21*C21 -> 60808.576 | M22: =M21*C21 -> 57877.136 | N22: =N21*C21 -> 58703.952 | O22: =O21*C21 -> 41040.151 | P22: =P21*C21 -> 41641.472 | Q22: =Q21*C21 -> 24729.322 | R22: =R21*C21 -> 10823.776 | S22: =S21*C21 -> 9094.9786 | T22: =T21*C21 -> 10748.611 | U22: =U21*C21 -> 11274.767 | V22: =V21*C21 -> 5637.3834 | W22: =W21*C21 -> 5712.5485 | X22: =X21*C21 -> 5938.0438 | Y22: =Y21*C21 -> 9470.8041 | Z22: =Z21*C21 -> 7967.5019 | AA22: =AA21*C21 -> 8343.3274 | AB22: =AB21*C21 -> 12176.748 | AC22: =AC21*C21 -> 15033.022 | AD22: =AD21*C21 -> 2705.944 | AE22: =AE21*C21 -> 3457.5952 | AF22: =SUM(D22:AE22) -> 751651.12
A23: 2 | B23: =[40]PROPOSTA!D22 -> SERVIÇOS PRELIMINARES | C23: =PROPOSTA!I23 -> 243528.53 | D23: 0.836 | E23: 0.164 | AF23: =SUM(D23:AE23) -> 1
D24: =D23*C23 -> 203589.85 | E24: =E23*C23 -> 39938.679 | AF24: =SUM(D24:AE24) -> 243528.53
A25: 3 | B25: =[40]PROPOSTA!D32 -> MOVIMENTO DE TERRA PARA FUNDAÇÕES | C25: =PROPOSTA!I33 -> 88974.27 | D25: 0.1077 | E25: 0.2821 | F25: 0.2545 | G25: 0.3284 | H25: 0.0273 | AF25: =SUM(D25:AE25) -> 1
D26: =D25*C25 -> 9582.5289 | E26: =E25*C25 -> 25099.642 | F26: =F25*C25 -> 22643.952 | G26: =G25*C25 -> 29219.15 | H26: =H25*C25 -> 2428.9976 | AF26: =SUM(D26:AE26) -> 88974.27
A27: 4 | B27: =[40]PROPOSTA!D50 -> FUNDAÇÕES | C27: =PROPOSTA!I55 -> 1132711.2 | E27: 0.2003 | F27: 0.2408 | G27: 0.2571 | H27: 0.3018 | AF27: =SUM(D27:AE27) -> 1
E28: =E27*C27 -> 226882.05 | F28: =F27*C27 -> 272756.85 | G28: =G27*C27 -> 291220.04 | H28: =H27*C27 -> 341852.23 | AF28: =SUM(D28:AE28) -> 1132711.2
A29: 5 | B29: =[40]PROPOSTA!D115 -> SUPERESTRUTURA | C29: =PROPOSTA!I130 -> 2551550.5 | F29: 0.0766 | G29: 0.0767 | H29: 0.1774 | I29: 0.1752 | J29: 0.196 | K29: 0.1156 | L29: 0.1227 | M29: 0.0264 | N29: 0.0263 | O29: 0.0071 | AF29: =SUM(D29:AE29) -> 1
F30: =F29*C29 -> 195448.77 | G30: =G29*C29 -> 195703.92 | H30: =H29*C29 -> 452645.05 | I30: =I29*C29 -> 447031.64 | J30: =J29*C29 -> 500103.89 | K30: =K29*C29 -> 294959.23 | L30: =L29*C29 -> 313075.24 | M30: =M29*C29 -> 67360.932 | N30: =N29*C29 -> 67105.777 | O30: =O29*C29 -> 18116.008 | AF30: =SUM(D30:AE30) -> 2551550.5
A31: 6 | B31: =PROPOSTA!D202 -> SISTEMA DE VEDAÇÃO VERTICAL | C31: =PROPOSTA!I202 -> 432597.07 | I31: 0.1116 | J31: 0.1572 | K31: 0.1323 | L31: 0.1689 | M31: 0.2662 | N31: 0.1638 | AF31: =SUM(D31:AE31) -> 1
I32: =I31*C31 -> 48277.833 | J32: =J31*C31 -> 68004.259 | K32: =K31*C31 -> 57232.592 | L32: =L31*C31 -> 73065.645 | M32: =M31*C31 -> 115157.34 | N32: =N31*C31 -> 70859.4 | AF32: =SUM(D32:AE32) -> 432597.07
A33: 7 | B33: =PROPOSTA!D221 -> ESǪUADRIAS | C33: =PROPOSTA!I221 -> 773383.09 | K33: 0.1079 | L33: 0.1955 | M33: 0.1365 | N33: 0.3654 | O33: 0.1947 | AF33: =SUM(D33:AE33) -> 1
K34: =K33*C33 -> 83448.035 | L34: =L33*C33 -> 151196.39 | M34: =M33*C33 -> 105566.79 | N34: =N33*C33 -> 282594.18 | O34: =O33*C33 -> 150577.69 | AF34: =SUM(D34:AE34) -> 773383.09
A35: 8 | B35: =PROPOSTA!D270 -> SISTEMAS DE COBERTURA | C35: =PROPOSTA!I270 -> 969399.6 | M35: 0.1754 | N35: 0.2112 | O35: 0.2175 | P35: 0.2057 | Q35: 0.1902 | AF35: =SUM(D35:AE35) -> 1
M36: =M35*C35 -> 170032.69 | N36: =N35*C35 -> 204737.2 | O36: =O35*C35 -> 210844.41 | P36: =P35*C35 -> 199405.5 | Q36: =Q35*C35 -> 184379.8 | AF36: =SUM(D36:AE36) -> 969399.6
A37: 9 | B37: =PROPOSTA!D289 -> IMPERMEABILIZAÇÃO | C37: =PROPOSTA!I289 -> 142378.56 | G37: 0.3177 | H37: 0.4499 | I37: 0.1397 | K37: 0.0927 | AF37: =SUM(D37:AE37) -> 1
G38: =G37*C37 -> 45233.669 | H38: =H37*C37 -> 64056.114 | I38: =I37*C37 -> 19890.285 | K38: =K37*C37 -> 13198.493 | AF38: =SUM(D38:AE38) -> 142378.56
A39: 10 | B39: =PROPOSTA!D296 -> REVESTIMENTOS INTERNO E EXTERNO | C39: =PROPOSTA!I296 -> 649227.3 | J39: 0.2191 | K39: 0.2191 | L39: 0.2191 | M39: 0.2191 | P39: 0.1236 | AF39: =SUM(D39:AE39) -> 1
J40: =J39*C39 -> 142245.7 | K40: =K39*C39 -> 142245.7 | L40: =L39*C39 -> 142245.7 | M40: =M39*C39 -> 142245.7 | P40: =P39*C39 -> 80244.494 | AF40: =SUM(D40:AE40) -> 649227.3
A41: 11 | B41: =PROPOSTA!D312 -> SISTEMAS DE PISOS | C41: =PROPOSTA!I312 -> 635633.87 | J41: 0.1333 | K41: 0.1557 | L41: 0.1636 | M41: 0.1736 | N41: 0.1569 | O41: 0.1682 | P41: 0.0487 | AF41: =SUM(D41:AE41) -> 1
J42: =J41*C41 -> 84729.995 | K42: =K41*C41 -> 98968.194 | L42: =L41*C41 -> 103989.7 | M42: =M41*C41 -> 110346.04 | N42: =N41*C41 -> 99730.954 | O42: =O41*C41 -> 106913.62 | P42: =P41*C41 -> 30955.369 | AF42: =SUM(D42:AE42) -> 635633.87
A43: 12 | B43: =PROPOSTA!D333 -> PINTURAS E ACABAMENTOS | C43: =PROPOSTA!I333 -> 288796.25 | V43: 0.2472 | W43: 0.2626 | X43: 0.2418 | Y43: 0.2484 | AF43: =SUM(D43:AE43) -> 1
V44: =V43*C43 -> 71390.433 | W44: =W43*C43 -> 75837.895 | X44: =X43*C43 -> 69830.933 | Y44: =Y43*C43 -> 71736.989 | AF44: =SUM(D44:AE44) -> 288796.25
A45: 13 | B45: =PROPOSTA!D358 -> INSTALAÇÃO HIDRÁULICA | C45: =PROPOSTA!I358 -> 218694.29 | K45: 0.399 | L45: 0.0339 | M45: 0.046 | N45: 0.0428 | O45: 0.094 | P45: 0.3843 | AF45: =SUM(D45:AE45) -> 1
K46: =K45*C45 -> 87259.022 | L46: =L45*C45 -> 7413.7364 | M46: =M45*C45 -> 10059.937 | N46: =N45*C45 -> 9360.1156 | O46: =O45*C45 -> 20557.263 | P46: =P45*C45 -> 84044.216 | AF46: =SUM(D46:AE46) -> 218694.29
A47: 14 | B47: =PROPOSTA!D419 -> DRENAGEM DE ÁGUAS PLUVIAIS | C47: =PROPOSTA!I419 -> 169392.54 | M47: 0.1889 | N47: 0.1887 | O47: 0.1547 | P47: 0.1544 | Q47: 0.1545 | R47: 0.1588 | AF47: =SUM(D47:AE47) -> 1
M48: =M47*C47 -> 31998.251 | N48: =N47*C47 -> 31964.372 | O48: =O47*C47 -> 26205.026 | P48: =P47*C47 -> 26154.208 | Q48: =Q47*C47 -> 26171.147 | R48: =R47*C47 -> 26899.535 | AF48: =SUM(D48:AE48) -> 169392.54
A49: 15 | B49: =PROPOSTA!D442 -> INSTALAÇÃO SANITÁRIA | C49: =PROPOSTA!I442 -> 112804.67 | K49: 0.119 | L49: 0.1114 | M49: 0.1111 | N49: 0.1052 | O49: 0.1054 | P49: 0.1062 | AB49: 0.2663 | AC49: 0.0754 | AF49: =SUM(D49:AE49) -> 1
K50: =K49*C49 -> 13423.756 | L50: =L49*C49 -> 12566.44 | M50: =M49*C49 -> 12532.599 | N50: =N49*C49 -> 11867.051 | O50: =O49*C49 -> 11889.612 | P50: =P49*C49 -> 11979.856 | AB50: =AB49*C49 -> 30039.884 | AC50: =AC49*C49 -> 8505.4721 | AF50: =SUM(D50:AE50) -> 112804.67
A51: 16 | B51: =PROPOSTA!D492 -> LOUÇAS, ACESSÓRIOS E METAIS | C51: =PROPOSTA!I492 -> 92267.21 | AC51: 0.3573 | AD51: 0.3394 | AE51: 0.3033 | AF51: =SUM(D51:AE51) -> 1
AC52: =AC51*C51 -> 32967.074 | AD52: =AD51*C51 -> 31315.491 | AE52: =AE51*C51 -> 27984.645 | AF52: =SUM(D52:AE52) -> 92267.21
A53: 17 | B53: =PROPOSTA!D527 -> INSTALAÇÃO DE GÁS COMBUSTÍVEL | C53: =PROPOSTA!I527 -> 3750.18 | I53: 0.2964 | J53: 0.2965 | S53: 0.4071 | AF53: =SUM(D53:AE53) -> 1
I54: =I53*C53 -> 1111.5534 | J54: =J53*C53 -> 1111.9284 | S54: =S53*C53 -> 1526.6983 | AF54: =SUM(D54:AE54) -> 3750.18
A55: 18 | B55: =PROPOSTA!D537 -> SISTEMA DE PROTEÇÃO CONTRA INCÊNDIO | C55: =PROPOSTA!I537 -> 164479.04 | P55: 0.1472 | Q55: 0.1325 | R55: 0.1326 | S55: 0.1285 | T55: 0.1639 | U55: 0.2175 | AE55: 0.0778 | AF55: =SUM(D55:AE55) -> 1
P56: =P55*C55 -> 24211.315 | Q56: =Q55*C55 -> 21793.473 | R56: =R55*C55 -> 21809.921 | S56: =S55*C55 -> 21135.557 | T56: =T55*C55 -> 26958.115 | U56: =U55*C55 -> 35774.191 | AE56: =AE55*C55 -> 12796.469 | AF56: =SUM(D56:AE56) -> 164479.04
A57: 19 | B57: =PROPOSTA!D565 -> INSTALAÇÃO ELÉTRICA - 220V | C57: =PROPOSTA!I565 -> 590836.75 | P57: 0.1594 | Q57: 0.162 | R57: 0.1592 | S57: 0.1633 | T57: 0.1691 | U57: 0.187 | AF57: =SUM(D57:AE57) -> 1
P58: =P57*C57 -> 94179.378 | Q58: =Q57*C57 -> 95715.554 | R58: =R57*C57 -> 94061.211 | S58: =S57*C57 -> 96483.641 | T58: =T57*C57 -> 99910.494 | U58: =U57*C57 -> 110486.47 | AF58: =SUM(D58:AE58) -> 590836.75
A59: 20 | B59: =PROPOSTA!D648 -> INSTALAÇÕES DE CLIMATIZAÇÃO | C59: =PROPOSTA!I648 -> 67415.34 | X59: 0.129 | Y59: 0.1289 | Z59: 0.1434 | AA59: 0.1932 | AB59: 0.1932 | AC59: 0.2123 | AF59: =SUM(D59:AE59) -> 1
X60: =X59*C59 -> 8696.5789 | Y60: =Y59*C59 -> 8689.8373 | Z60: =Z59*C59 -> 9667.3598 | AA60: =AA59*C59 -> 13024.644 | AB60: =AB59*C59 -> 13024.644 | AC60: =AC59*C59 -> 14312.277 | AF60: =SUM(D60:AE60) -> 67415.34
A61: 21 | B61: =PROPOSTA!D662 -> INSTALAÇÕES DE CABEAMENTO ESTRUTURADO | C61: =PROPOSTA!I662 -> 222224.58 | Z61: 0.1989 | AA61: 0.2077 | AB61: 0.2829 | AC61: 0.3105 | AF61: =SUM(D61:AE61) -> 1
Z62: =Z61*C61 -> 44200.469 | AA62: =AA61*C61 -> 46156.045 | AB62: =AB61*C61 -> 62867.334 | AC62: =AC61*C61 -> 69000.732 | AF62: =SUM(D62:AE62) -> 222224.58
A63: 22 | B63: =PROPOSTA!D695 -> SISTEMA DE EXAUSTÃO MECÂNICA | C63: =PROPOSTA!I695 -> 11786.01 | T63: 1 | AF63: =SUM(D63:AE63) -> 1
T64: =T63*C63 -> 11786.01 | AF64: =SUM(D64:AE64) -> 11786.01
A65: 23 | B65: =PROPOSTA!D698 -> SISTEMA DE PROTEÇÃO CONTRA DESCARGAS ATMOSFÉRICAS (SPDA) | C65: =PROPOSTA!I698 -> 69086.64 | G65: 0.2529 | H65: 0.2961 | I65: 0.3113 | T65: 0.042 | U65: 0.042 | V65: 0.0557 | AF65: =SUM(D65:AE65) -> 1
G66: =G65*C65 -> 17472.011 | H66: =H65*C65 -> 20456.554 | I66: =I65*C65 -> 21506.671 | T66: =T65*C65 -> 2901.6389 | U66: =U65*C65 -> 2901.6389 | V66: =V65*C65 -> 3848.1258 | AF66: =SUM(D66:AE66) -> 69086.64
A67: 24 | B67: =PROPOSTA!D714 -> SERVIÇOS COMPLEMENTARES | C67: =PROPOSTA!I714 -> 278695.31 | Y67: 0.1621 | Z67: 0.1867 | AA67: 0.1866 | AB67: 0.1967 | AC67: 0.2679 | AF67: =SUM(D67:AE67) -> 1
Y68: =Y67*C67 -> 45176.51 | Z68: =Z67*C67 -> 52032.414 | AA68: =AA67*C67 -> 52004.545 | AB68: =AB67*C67 -> 54819.367 | AC68: =AC67*C67 -> 74662.474 | AF68: =SUM(D68:AE68) -> 278695.31
A69: 25 | B69: =PROPOSTA!D728 -> SERVIÇOS FINAIS | C69: =PROPOSTA!I728 -> 13247.58 | AD69: 0.5 | AE69: 0.5 | AF69: =SUM(D69:AE69) -> 1
AD70: =AD69*C69 -> 6623.79 | AE70: =AE69*C69 -> 6623.79 | AF70: =SUM(D70:AE70) -> 13247.58
C71: =SUM(C21:C70) -> 10674511 | D71: =D72/C71 -> 0.021512323 | E71: =E72/C71 -> 0.029445804 | F71: =F72/C71 -> 0.049490021 | G71: =G72/C71 -> 0.058360583 | H71: =H72/C71 -> 0.088855236 | I71: =I72/C71 -> 0.054199902 | J71: =J72/C71 -> 0.080242863 | K71: =K72/C71 -> 0.079689045 | L71: =L72/C71 -> 0.080974332 | M71: =M72/C71 -> 0.077116168 | N71: =N72/C71 -> 0.078403869 | O71: =O72/C71 -> 0.054910595 | P71: =P72/C71 -> 0.055535638 | Q71: =Q72/C71 -> 0.033049691 | R71: =R72/C71 -> 0.014388897 | S71: =S72/C71 -> 0.012013747 | T71: =T72/C71 -> 0.014268088 | U71: =U72/C71 -> 0.015029922 | V71: =V72/C71 -> 0.0075765474 | W71: =W72/C71 -> 0.0076397355 | X71: =X72/C71 -> 0.0079128264 | Y71: =Y72/C71 -> 0.012653894 | Z71: =Z72/C71 -> 0.010667256 | AA71: =AA72/C71 -> 0.011197567 | AB71: =AB72/C71 -> 0.016200084 | AC71: =AC72/C71 -> 0.020092821 | AD71: =AD72/C71 -> 0.0038076895 | AE71: =AE72/C71 -> 0.004764855 | AF71: =SUM(AF70,AF68,AF66,AF64,AF62,AF60,AF58,AF56,AF54,AF52,AF50,AF48,AF46,AF44,AF42,AF40,AF38,AF36,AF34,AF32,AF30,AF28,AF26,AF24,AF22) -> 10674511
D72: =SUM(D70,D68,D66,D64,D62,D60,D58,D56,D54,D52,D50,D48,D46,D44,D42,D40,D38,D36,D34,D32,D30,D28,D26,D24,D22) -> 229633.54 | E72: =SUM(E70,E68,E66,E64,E62,E60,E58,E56,E54,E52,E50,E48,E46,E44,E42,E40,E38,E36,E34,E32,E30,E28,E26,E24,E22) -> 314319.57 | F72: =SUM(F70,F68,F66,F64,F62,F60,F58,F56,F54,F52,F50,F48,F46,F44,F42,F40,F38,F36,F34,F32,F30,F28,F26,F24,F22) -> 528281.79 | G72: =SUM(G70,G68,G66,G64,G62,G60,G58,G56,G54,G52,G50,G48,G46,G44,G42,G40,G38,G36,G34,G32,G30,G28,G26,G24,G22) -> 622970.71 | H72: =SUM(H70,H68,H66,H64,H62,H60,H58,H56,H54,H52,H50,H48,H46,H44,H42,H40,H38,H36,H34,H32,H30,H28,H26,H24,H22) -> 948486.23 | I72: =SUM(I70,I68,I66,I64,I62,I60,I58,I56,I54,I52,I50,I48,I46,I44,I42,I40,I38,I36,I34,I32,I30,I28,I26,I24,I22) -> 578557.47 | J72: =SUM(J70,J68,J66,J64,J62,J60,J58,J56,J54,J52,J50,J48,J46,J44,J42,J40,J38,J36,J34,J32,J30,J28,J26,J24,J22) -> 856553.36 | K72: =SUM(K70,K68,K66,K64,K62,K60,K58,K56,K54,K52,K50,K48,K46,K44,K42,K40,K38,K36,K34,K32,K30,K28,K26,K24,K22) -> 850641.62 | ... AE72: =SUM(AE70,AE68,AE66,AE64,AE62,AE60,AE58,AE56,AE54,AE52,AE50,AE48,AE46,AE44,AE42,AE40,AE38,AE36,AE34,AE32,AE30,AE28,AE26,AE24,AE22) -> 50862.499
D73: =D71 -> 0.021512323 | E73: =D73+E71 -> 0.050958127 | F73: =E73+F71 -> 0.10044815 | G73: =F73+G71 -> 0.15880873 | H73: =G73+H71 -> 0.24766397 | I73: =H73+I71 -> 0.30186387 | J73: =I73+J71 -> 0.38210673 | K73: =J73+K71 -> 0.46179578 | L73: =K73+L71 -> 0.54277011 | ... AE73: =AD73+AE71 -> 1
D74: =D72 -> 229633.54 | E74: =D74+E72 -> 543953.11 | F74: =E74+F72 -> 1072234.9 | G74: =F74+G72 -> 1695205.6 | H74: =G74+H72 -> 2643691.8 | I74: =H74+I72 -> 3222249.3 | J74: =I74+J72 -> 4078802.7 | K74: =J74+K72 -> 4929444.3 | L74: =K74+L72 -> 5793805.7 | ... AE74: =AD74+AE72 -> 10674511

Sheet BDI
M1: R & S ENGENHARIA E CONSULTORIA
O3: CNPJ: 30.836.850/0001-95
O4: Endereço: Rua Euclides Magno Bacalhau, n° 195, Centro, Ingá – PB
O5: Telefone: (83) 9 9806-7435
O6: E-mail: resengenhariaeconsultoria@outlook.com
A7: COMPOSIÇÃO DE B.D.I.
A10: OBRA: CONTRATAÇÃO DE EMPRESA ESPECIALIZADA PARA EXECUÇÃO DE ESCOLA COM 13 SALAS – TÉRREO, NO MUNICÍPIO DE MOGEIRO –PB, CONFORME TERMO DE COMPROMISSO Nº 960784/2024/FNDE/CAIXA – OPERAÇÃO Nº 1094601–47 – PROGRAMA: EDUCAÇÃO BÁSICA DEMOCRÁTICA, COM QUALIDADE E EQUIDADE.
A11: LOCAL: MUNICIPIO DE MOGEIRO/PB
A12: BDI: 22,47%
A13: SINAPI: PB 01/2025-ORSE: SE 12/2024/PRÓPIO - PREÇOS NÃO DESONERADOS
A14: Encargos Sociais Encargos sociais SEM desoneração: Horista: 113,60% Mensalista: 69,85%
A16: PREFEITURA MUNICIPAL DE MOGEIRO/PB
A17: CONCORRÊNCIA ELETRÔNICA N° 00008/2025
A19: CÁLCULO DE BDI | C19: Construção de Edifícios | F19: Rodovias e Ferrovias - Infra Urbana, praças, calçadas, etc. | I19: Abastecimento de Água, Coleta de Esgoto | L19: Fornecimento de materiais e equipamentos | O19: Construção e Manutenção de Estações e Redes de Distribuição de Energia Elétrica | R19: Portuárias, Marítimas e Fluviais
A20: Item componente do BDI | B20: % Informado | C20: 1ºQ | D20: Médio | E20: 3º Q | F20: 1ºQ | G20: Médio | H20: 3º Q | I20: 1ºQ | J20: Médio | K20: 3º Q | L20: 1ºQ | M20: Médio | N20: 3º Q | O20: 1ºQ | P20: Médio | Q20: 3º Q | R20: 1ºQ | S20: Médio | T20: 3º Q
A21: Administração Central ( AC ) | B21: 3 | C21: 3 | D21: 4 | E21: 5.5 | F21: 3.8 | G21: 4.01 | H21: 4.67 | I21: 3.43 | J21: 4.93 | K21: 6.71 | L21: 1.5 | M21: 3.45 | N21: 4.49 | O21: 5.29 | P21: 5.92 | Q21: 7.93 | R21: 4 | S21: 5.52 | T21: 7.85
A22: Seguro (S) e Garantia (G) | B22: 0.8 | C22: 0.8 | D22: 0.8 | E22: 1 | F22: 0.32 | G22: 0.4 | H22: 0.74 | I22: 0.28 | J22: 0.49 | K22: 0.75 | L22: 0.3 | M22: 0.48 | N22: 0.82 | O22: 0.25 | P22: 0.51 | Q22: 0.56 | R22: 0.81 | S22: 1.22 | T22: 1.99
A23: Risco (R) | B23: 0.97 | C23: 0.97 | D23: 1.27 | E23: 1.27 | F23: 0.5 | G23: 0.56 | H23: 0.97 | I23: 1 | J23: 1.39 | K23: 1.74 | L23: 0.56 | M23: 0.85 | N23: 0.89 | O23: 1 | P23: 1.48 | Q23: 1.97 | R23: 1.46 | S23: 2.32 | T23: 3.16
A24: Despesas Financeiras (DF) | B24: 0.59 | C24: 0.59 | D24: 1.23 | E24: 1.39 | F24: 1.02 | G24: 1.11 | H24: 1.21 | I24: 0.94 | J24: 0.99 | K24: 1.17 | L24: 0.85 | M24: 0.85 | N24: 1.11 | O24: 1.01 | P24: 1.07 | Q24: 1.11 | R24: 0.94 | S24: 1.02 | T24: 1.33
A25: Lucro (L) | B25: 6.16 | C25: 6.16 | D25: 7.4 | E25: 8.96 | F25: 6.64 | G25: 7.3 | H25: 8.69 | I25: 6.74 | J25: 8.04 | K25: 9.4 | L25: 3.5 | M25: 5.11 | N25: 6.22 | O25: 8 | P25: 8.31 | Q25: 9.51 | R25: 7.14 | S25: 8.4 | T25: 10.43
A26: Impostos (I) - PIS, COFINS, ISSQN, CPRB | B26: =3.65+5 -> 8.65 | C26: Conforme Legislação Específica
A28: Observações | F28: VALORES DE BDI POR TIPO DE OBRA
A29: 1) Preencher apenas a coluna % Informado (Coluna B) | F29: Tipo de Obra | L29: 1ºQ | M29: Médio | N29: 3º Q
A30: 2) Os Tributos normalmente aplicáveis são: PIS (0,65%), COFINS (3,00%) e ISS(5,00%) | F30: Construção de Edifícios | L30: 20.34 | M30: 22.12 | N30: 25
A31: 3) O cálculo do BDI se baseia na fórmula abaixo utilizada pelo Acórdão 2622/13 do TCU, conforme CE GEPAD 354/2013 de 17/10/2013. | F31: Construção de Rodovias e Ferrovias - Infra Urbana, praças, etc. | L31: 19.6 | M31: 20.97 | N31: 24.23
A32: B.D.I = | B32: =ROUND(((1+(B21+B22+B23)/100)*((1+B24/100)*(1+B25/100))/(1-B26/100))-1,4) -> 0.2247 | F32: Rede de Abastecimento de Água, Coleta de Esgotos | L32: 20.76 | M32: 24.18 | N32: 26.44
A33: Fórmula Utilizada: | F33: Estações e Redes de Distribuição de Energia Elétrica | L33: 24 | M33: 25.84 | N33: 27.86
F34: Obras Portuárias, Marítimas e Fluviais | L34: 22.8 | M34: 27.48 | N34: 30.95
F35: Fornecimento de Materiais e Equipamentos | L35: 11.1 | M35: 14.02 | N35: 16.8
A40: Observações sobre os % informados no cálculo do BDI, neste caso:
A41: OBRAS DE REDES DE ÁGUA E ESGOTO
A42: OS VALORES % INFORMADO ENQUADRAM-SE NOS LIMITES DO ACÓRDÃO 2622/2013-TCU-PLENÁRIO
A43: OS VALORES % INFORMADO DE AC,DF E L ESTÃO NOS VALORES MÁXIMOS DOS LIMITES DO ACÓRDÃO 2622/2013-TCU-PLENÁRIO
A44: OS VALORES % INFORMADO DE S+G E R FORAM CONSIDERADOS ZERADOS OU SEJA, ABAIXO DO MÍNIMO DOS LIMITES DO ACÓRDÃO 2622/2013-TCU-PLENÁRIO

Sheet ENCARGOS SOCIAIS 
F1: R & S ENGENHARIA E CONSULTORIA
G3: CNPJ: 30.836.850/0001-95
G4: Endereço: Rua Euclides Magno Bacalhau, n° 195, Centro, Ingá – PB
G5: Telefone: (83) 9 9806-7435
G6: E-mail: resengenhariaeconsultoria@outlook.com
A9: ENCARGOS SOCIAIS
A11: OBRA: CONTRATAÇÃO DE EMPRESA ESPECIALIZADA PARA EXECUÇÃO DE ESCOLA COM 13 SALAS – TÉRREO, NO MUNICÍPIO DE MOGEIRO –PB, CONFORME TERMO DE COMPROMISSO Nº 960784/2024/FNDE/CAIXA – OPERAÇÃO Nº 1094601–47 – PROGRAMA: EDUCAÇÃO BÁSICA DEMOCRÁTICA, COM QUALIDADE E EQUIDADE.
A12: LOCAL: MUNICIPIO DE MOGEIRO/PB
A13: BDI: 22,47%
A14: Encargos Sociais Encargos sociais SEM desoneração: Horista: 113,60% Mensalista: 69,85%
A15: Descrição: Encargos Complementares Inclusos Nos Serviços
A17: PREFEITURA MUNICIPAL DE MOGEIRO/PB
A18: CONCORRÊNCIA ELETRÔNICA N° 00008/2025
A21: COD | C21: DESCRIÇÃO | I21: HORA% | K21: MÊS%
A23: A | C23: GRUPO A
A24: A1 | C24: INSS | I24: 20 | K24: 20
A25: A2 | C25: SESI | I25: 1.5 | K25: 1.5
A26: A3 | C26: SENAI | I26: 1 | K26: 1
A27: A4 | C27: INCRA | I27: 0.2 | K27: 0.2
A28: A5 | C28: SEBRAE | I28: 0.6 | K28: 0.6
A29: A6 | C29: Salário Educação | I29: 2.5 | K29: 2.5
A30: A7 | C30: Seguro Contra Acidentes de Trabalho | I30: 3 | K30: 3
A31: A8 | C31: FGTS | I31: 8 | K31: 8
A32: A9 | C32: SECONCI | I32: 0 | K32: 0
C33: TOTAL | I33: =SUM(I32,I31,I30,I29,I28,I27,I26,I25,I24) -> 36.8 | K33: =SUM(K32,K31,K30,K29,K28,K27,K26,K25,K24) -> 36.8
A35: B | C35: GRUPO B
A36: B1 | C36: Repouso Semanal Remunerado | I36: 18.02 | K36: Não Incide
A37: B2 | C37: Feriados | I37: 4.31 | K37: Não Incide
A38: B3 | C38: Auxilio - Enfermidade | I38: 0.86 | K38: 0.65
A39: B4 | C39: 13º Salário | I39: 10.96 | K39: 8.33
A40: B5 | C40: Licença Paternidade | I40: 0.07 | K40: 0.05
A41: B6 | C41: Faltas Justificadas | I41: 0.73 | K41: 0.56
A42: B7 | C42: Dias de Chuvas | I42: 2.04 | K42: Não Incide
A43: B8 | C43: Auxilio Acidente de Trabalho | I43: 0.1 | K43: 0.07
A44: B9 | C44: Férias Gozadas | I44: 9.76 | K44: 7.42
A45: B10 | C45: Salário Maternidade | I45: 0.03 | K45: 0.03
C46: TOTAL | I46: =SUM(I45,I44,I43,I42,I41,I40,I39,I38,I37,I36) -> 46.88 | K46: =SUM(K45,K44,K43,K42,K41,K40,K39,K38,K37,K36) -> 17.11
A48: C | C48: GRUPO C
A49: C1 | C49: Aviso Prévio Indenizado | I49: 4.53 | K49: 3.45
A50: C2 | C50: Aviso Prévio Trabalhado | I50: 0.11 | K50: 0.08
A51: C3 | C51: Férias Indenizadas | I51: 4.29 | K51: 3.26
A52: C4 | C52: Depósitos Rescisão Sem Justa Causa | I52: 2.96 | K52: 2.25
A53: C5 | C53: Indenização Adicional | I53: 0.38 | K53: 0.29
C54: TOTAL | I54: =SUM(I53,I52,I51,I50,I49) -> 12.27 | K54: =SUM(K53,K52,K50,K51,K49) -> 9.33
A56: D | C56: GRUPO D
A57: D1 | C57: Reincidência de Grupo A sobre Grupo B | I57: 17.25 | K57: 6.3
A58: D2 | C58: Reincidência de Grupo A sobre Aviso Prévio Trabalhado e Reincidência do FGTS sobre Aviso Prévio Indenizado | I58: 0.4 | K58: 0.31
C59: TOTAL | I59: =SUM(I58,I57) -> 17.65 | K59: =SUM(K57,K58) -> 6.61
A61: Horista = | B61: =SUM(I59,I54,I46,I33) -> 113.6 | C61: %
A62: Mensalista = | B62: =SUM(K59,K54,K46,K33) -> 69.85 | C62: %
B64: A + B + C + D

Sheet COMPOSIÇÕES - SINAPI
E1: R & S ENGENHARIA E CONSULTORIA
F3: CNPJ: 30.836.850/0001-95
G4: Endereço: Rua Euclides Magno Bacalhau, n° 195, Centro, Ingá – PB
G5: Telefone: (83) 9 9806-7435
G6: E-mail: resengenhariaeconsultoria@outlook.com
A10: OBRA: CONTRATAÇÃO DE EMPRESA ESPECIALIZADA PARA EXECUÇÃO DE ESCOLA COM 13 SALAS – TÉRREO, NO MUNICÍPIO DE MOGEIRO –PB, CONFORME TERMO DE COMPROMISSO Nº 960784/2024/FNDE/CAIXA – OPERAÇÃO Nº 1094601–47 – PROGRAMA: EDUCAÇÃO BÁSICA DEMOCRÁTICA, COM QUALIDADE E EQUIDADE.
A11: LOCAL: MUNICIPIO DE MOGEIRO/PB
A12: BDI: 22,47% | C12: SINAPI: PB 01/2025-ORSE: SE 12/2024/PRÓPIO - PREÇOS NÃO DESONERADOS
A13: Encargos Sociais Encargos sociais SEM desoneração: Horista: 113,60% Mensalista: 69,85%
A16: PREFEITURA MUNICIPAL DE MOGEIRO/PB
A17: CONCORRÊNCIA ELETRÔNICA N° 00008/2025
A19: COMPOSIÇÕES - SINAPI
B20: Código | C20: Banco | D20: Descrição | E20: Tipo | G20: Und | H20: Quant. | I20: Valor Unit | J20: Total
A21: Composição | B21: 103689 | C21: SINAPI | D21: FORNECIMENTO E INSTALAÇÃO DE PLACA DE OBRA COM CHAPA GALVANIZADA E ESTRUTURA DE MADEIRA. AF_03/2022_PS | E21: PAVI - PAVIMENTAÇÃO | G21: m² | H21: 1 | I21: 459.22 | J21: 459.22
A22: Composição Auxiliar | B22: 88316 | C22: SINAPI | D22: SERVENTE COM ENCARGOS COMPLEMENTARES | E22: SEDI - SERVIÇOS DIVERSOS | G22: H | H22: 1.1186 | I22: 18.67 | J22: 20.88
A23: Composição Auxiliar | B23: 102234 | C23: SINAPI | D23: PINTURA IMUNIZANTE PARA MADEIRA, 2 DEMÃOS. AF_01/2021 | E23: PINT - PINTURAS | G23: m² | H23: 0.5 | I23: 22.01 | J23: 11
A24: Composição Auxiliar | B24: 88262 | C24: SINAPI | D24: CARPINTEIRO DE FORMAS COM ENCARGOS COMPLEMENTARES | E24: SEDI - SERVIÇOS DIVERSOS | G24: H | H24: 0.3729 | I24: 22.51 | J24: 8.39
A25: Insumo | B25: 00005069 | C25: SINAPI | D25: PREGO DE ACO POLIDO COM CABECA 17 X 27 (2 1/2 X 11) | E25: Material | G25: KG | H25: 0.0132 | I25: 20.74 | J25: 0.27
A26: Insumo | B26: 00005065 | C26: SINAPI | D26: PREGO DE ACO POLIDO COM CABECA 10 X 10 (7/8 X 17) | E26: Material | G26: KG | H26: 0.0113 | I26: 38.7 | J26: 0.43
A27: Insumo | B27: 00004509 | C27: SINAPI | D27: SARRAFO *2,5 X 10* CM EM PINUS, MISTA OU EQUIVALENTE DA REGIAO - BRUTA | E27: Material | G27: M | H27: 3.2083 | I27: 5.69 | J27: 18.25
A28: Insumo | B28: 00004813 | C28: SINAPI | D28: PLACA DE OBRA (PARA CONSTRUCAO CIVIL) EM CHAPA GALVANIZADA *N. 22*, ADESIVADA, DE *2,4 X 1,2* M (SEM POSTES PARA FIXACAO) | E28: Material | G28: M² | H28: 1 | I28: 400 | J28: 400
B32: Código | C32: Banco | D32: Descrição | E32: Tipo | G32: Und | H32: Quant. | I32: Valor Unit | J32: Total
A33: Composição | B33: 98459 | C33: SINAPI | D33: TAPUME COM TELHA METÁLICA. AF_03/2024 | E33: CANT - CANTEIRO DE OBRAS | G33: m² | H33: 1 | I33: 89.91 | J33: 89.91
A34: Composição Auxiliar | B34: 91693 | C34: SINAPI | D34: SERRA CIRCULAR DE BANCADA COM MOTOR ELÉTRICO POTÊNCIA DE 5HP, COM COIFA PARA DISCO 10" - CHI DIURNO. AF_08/2015 | E34: CHOR - CUSTOS HORÁRIOS DE MÁQUINAS E EQUIPAMENTOS | G34: CHI | H34: 0.0264 | I34: 21.82 | J34: 0.57
A35: Composição Auxiliar | B35: 91692 | C35: SINAPI | D35: SERRA CIRCULAR DE BANCADA COM MOTOR ELÉTRICO POTÊNCIA DE 5HP, COM COIFA PARA DISCO 10" - CHP DIURNO. AF_08/2015 | E35: CHOR - CUSTOS HORÁRIOS DE MÁQUINAS E EQUIPAMENTOS | G35: CHP | H35: 0.0066 | I35: 22.89 | J35: 0.15
A36: Composição Auxiliar | B36: 88239 | C36: SINAPI | D36: AJUDANTE DE CARPINTEIRO COM ENCARGOS COMPLEMENTARES | E36: SEDI - SERVIÇOS DIVERSOS | G36: H | H36: 0.492 | I36: 19.22 | J36: 9.45
A37: Composição Auxiliar | B37: 88262 | C37: SINAPI | D37: CARPINTEIRO DE FORMAS COM ENCARGOS COMPLEMENTARES | E37: SEDI - SERVIÇOS DIVERSOS | G37: H | H37: 0.735 | I37: 22.51 | J37: 16.54
A38: Composição Auxiliar | B38: 94974 | C38: SINAPI | D38: CONCRETO MAGRO PARA LASTRO, TRAÇO 1:4,5:4,5 (EM MASSA SECA DE CIMENTO/ AREIA MÉDIA/ BRITA 1) - PREPARO MANUAL. AF_05/2021 | E38: FUES - FUNDAÇÕES E ESTRUTURAS | G38: m³ | H38: 0.0061 | I38: 446.55 | J38: 2.72
A39: Insumo | B39: 00005061 | C39: SINAPI | D39: PREGO DE ACO POLIDO COM CABECA 18 X 27 (2 1/2 X 10) | E39: Material | G39: KG | H39: 0.068 | I39: 20 | J39: 1.36
A40: Insumo | B40: 00004491 | C40: SINAPI | D40: PONTALETE *7,5 X 7,5* CM EM PINUS, MISTA OU EQUIVALENTE DA REGIAO - BRUTA | E40: Material | G40: M | H40: 1.2273 | I40: 11.21 | J40: 13.75
A41: Insumo | B41: 00006194 | C41: SINAPI | D41: TABUA *2,5 X 15 CM EM PINUS, MISTA OU EQUIVALENTE DA REGIAO - BRUTA | E41: Material | G41: M | H41: 2 | I41: 8 | J41: 16
A42: Insumo | B42: 00007243 | C42: SINAPI | D42: TELHA TRAPEZOIDAL EM ACO ZINCADO, SEM PINTURA, ALTURA DE APROXIMADAMENTE 40 MM, ESPESSURA DE 0,50 MM E LARGURA UTIL DE 980 MM | E42: Material | G42: M² | H42: 0.5853 | I42: 50.19 | J42: 29.37
B46: Código | C46: Banco | D46: Descrição | E46: Tipo | G46: Und | H46: Quant. | I46: Valor Unit | J46: Total
A47: Composição | B47: 101509 | C47: SINAPI | D47: ENTRADA DE ENERGIA ELÉTRICA, AÉREA, TRIFÁSICA, COM CAIXA DE EMBUTIR, CABO DE 10 MM2 E DISJUNTOR DIN 50A (NÃO INCLUSO O POSTE DE CONCRETO). AF_07/2020 | E47: INEL - INSTALAÇÃO ELÉTRICA/ELETRIFICAÇÃO E ILUMINAÇÃO EXTERNA | G47: UN | H47: 1 | I47: 1879.98 | J47: 1879.98
A48: Composição Auxiliar | B48: 91885 | C48: SINAPI | D48: LUVA PARA ELETRODUTO, PVC, ROSCÁVEL, DN 32 MM (1"), PARA CIRCUITOS TERMINAIS, INSTALADA EM PAREDE - FORNECIMENTO E INSTALAÇÃO. AF_03/2023 | E48: INEL - INSTALAÇÃO ELÉTRICA/ELETRIFICAÇÃO E ILUMINAÇÃO EXTERNA | G48: UN | H48: 1 | I48: 10.26 | J48: 10.26
A49: Composição Auxiliar | B49: 96977 | C49: SINAPI | D49: CORDOALHA DE COBRE NU 50 MM², ENTERRADA - FORNECIMENTO E INSTALAÇÃO. AF_08/2023 | E49: INEL - INSTALAÇÃO ELÉTRICA/ELETRIFICAÇÃO E ILUMINAÇÃO EXTERNA | G49: M | H49: 1.95 | I49: 66.33 | J49: 129.34
A50: Composição Auxiliar | B50: 87367 | C50: SINAPI | D50: ARGAMASSA TRAÇO 1:1:6 (EM VOLUME DE CIMENTO, CAL E AREIA MÉDIA ÚMIDA) PARA EMBOÇO/MASSA ÚNICA/ASSENTAMENTO DE ALVENARIA DE VEDAÇÃO, PREPARO MANUAL. AF_08/2019 | E50: SEDI - SERVIÇOS DIVERSOS | G50: m³ | H50: 0.0194 | I50: 681.09 | J50: 13.21
A51: Composição Auxiliar | B51: 91872 | C51: SINAPI | D51: ELETRODUTO RÍGIDO ROSCÁVEL, PVC, DN 32 MM (1"), PARA CIRCUITOS TERMINAIS, INSTALADO EM PAREDE - FORNECIMENTO E INSTALAÇÃO. AF_03/2023 | E51: INEL - INSTALAÇÃO ELÉTRICA/ELETRIFICAÇÃO E ILUMINAÇÃO EXTERNA | G51: M | H51: 6.05 | I51: 16.57 | J51: 100.24
A52: Composição Auxiliar | B52: 88264 | C52: SINAPI | D52: ELETRICISTA COM ENCARGOS COMPLEMENTARES | E52: SEDI - SERVIÇOS DIVERSOS | G52: H | H52: 2.9102 | I52: 23.42 | J52: 68.15
A53: Composição Auxiliar | B53: 88247 | C53: SINAPI | D53: AUXILIAR DE ELETRICISTA COM ENCARGOS COMPLEMENTARES | E53: SEDI - SERVIÇOS DIVERSOS | G53: H | H53: 0.3233 | I53: 19.78 | J53: 6.39
A54: Composição Auxiliar | B54: 91933 | C54: SINAPI | D54: CABO DE COBRE FLEXÍVEL ISOLADO, 10 MM², ANTI-CHAMA 0,6/1,0 KV, PARA CIRCUITOS TERMINAIS - FORNECIMENTO E INSTALAÇÃO. AF_03/2023 | E54: INEL - INSTALAÇÃO ELÉTRICA/ELETRIFICAÇÃO E ILUMINAÇÃO EXTERNA | G54: M | H54: 22.2 | I54: 17.46 | J54: 387.61
A55: Composição Auxiliar | B55: 96986 | C55: SINAPI | D55: HASTE DE ATERRAMENTO, DIÂMETRO 3/4", COM 3 METROS - FORNECIMENTO E INSTALAÇÃO. AF_08/2023 | E55: INEL - INSTALAÇÃO ELÉTRICA/ELETRIFICAÇÃO E ILUMINAÇÃO EXTERNA | G55: UN | H55: 1 | I55: 126.68 | J55: 126.68
A56: Composição Auxiliar | B56: 93673 | C56: SINAPI | D56: DISJUNTOR TRIPOLAR TIPO DIN, CORRENTE NOMINAL DE 50A - FORNECIMENTO E INSTALAÇÃO. AF_10/2020 | E56: INEL - INSTALAÇÃO ELÉTRICA/ELETRIFICAÇÃO E ILUMINAÇÃO EXTERNA | G56: UN | H56: 1 | I56: 84.4 | J56: 84.4
A57: Composição Auxiliar | B57: 91919 | C57: SINAPI | D57: CURVA 180 GRAUS PARA ELETRODUTO, PVC, ROSCÁVEL, DN 32 MM (1"), PARA CIRCUITOS TERMINAIS, INSTALADA EM PAREDE - FORNECIMENTO E INSTALAÇÃO. AF_03/2023 | E57: INEL - INSTALAÇÃO ELÉTRICA/ELETRIFICAÇÃO E ILUMINAÇÃO EXTERNA | G57: UN | H57: 1 | I57: 17.15 | J57: 17.15
A58: Composição Auxiliar | B58: 100578 | C58: SINAPI | D58: ASSENTAMENTO DE POSTE DE CONCRETO COM COMPRIMENTO NOMINAL DE 9 M, CARGA NOMINAL MENOR OU IGUAL A 1000 DAN, ENGASTAMENTO SIMPLES COM 1,5 M DE SOLO (NÃO INCLUI FORNECIMENTO). AF_11/2019 | E58: INEL - INSTALAÇÃO ELÉTRICA/ELETRIFICAÇÃO E ILUMINAÇÃO EXTERNA | G58: UN | H58: 1 | I58: 529.64 | J58: 529.64
... A69: Insumo | B69: 00001062 | C69: SINAPI | D69: CAIXA INTERNA/EXTERNA DE MEDICAO PARA 1 MEDIDOR TRIFASICO, COM VISOR, EM CHAPA DE ACO 18 USG (PADRAO DA CONCESSIONARIA LOCAL) | E69: Material | G69: UN | H69: 1 | I69: 259.14 | J69: 259.14
B73: Código | C73: Banco | D73: Descrição | E73: Tipo | G73: Und | H73: Quant. | I73: Valor Unit | J73: Total
A74: Composição | B74: 99059 | C74: SINAPI | D74: LOCAÇÃO CONVENCIONAL DE OBRA, UTILIZANDO GABARITO DE TÁBUAS CORRIDAS PONTALETADAS A CADA 2,00M - 2 UTILIZAÇÕES. AF_03/2024 | E74: SERT - SERVIÇOS TÉCNICOS | G74: M | H74: 1 | I74: 57.17 | J74: 57.17
A75: Composição Auxiliar | B75: 91692 | C75: SINAPI | D75: SERRA CIRCULAR DE BANCADA COM MOTOR ELÉTRICO POTÊNCIA DE 5HP, COM COIFA PARA DISCO 10" - CHP DIURNO. AF_08/2015 | E75: CHOR - CUSTOS HORÁRIOS DE MÁQUINAS E EQUIPAMENTOS | G75: CHP | H75: 0.007 | I75: 22.89 | J75: 0.16
A76: Composição Auxiliar | B76: 88239 | C76: SINAPI | D76: AJUDANTE DE CARPINTEIRO COM ENCARGOS COMPLEMENTARES | E76: SEDI - SERVIÇOS DIVERSOS | G76: H | H76: 0.7247 | I76: 19.22 | J76: 13.92
A77: Composição Auxiliar | B77: 94974 | C77: SINAPI | D77: CONCRETO MAGRO PARA LASTRO, TRAÇO 1:4,5:4,5 (EM MASSA SECA DE CIMENTO/ AREIA MÉDIA/ BRITA 1) - PREPARO MANUAL. AF_05/2021 | E77: FUES - FUNDAÇÕES E ESTRUTURAS | G77: m³ | H77: 0.004 | I77: 446.55 | J77: 1.78
A78: Composição Auxiliar | B78: 88262 | C78: SINAPI | D78: CARPINTEIRO DE FORMAS COM ENCARGOS COMPLEMENTARES | E78: SEDI - SERVIÇOS DIVERSOS | G78: H | H78: 0.7247 | I78: 22.51 | J78: 16.31
A79: Composição Auxiliar | B79: 91693 | C79: SINAPI | D79: SERRA CIRCULAR DE BANCADA COM MOTOR ELÉTRICO POTÊNCIA DE 5HP, COM COIFA PARA DISCO 10" - CHI DIURNO. AF_08/2015 | E79: CHOR - CUSTOS HORÁRIOS DE MÁQUINAS E EQUIPAMENTOS | G79: CHI | H79: 0.028 | I79: 21.82 | J79: 0.61
A80: Insumo | B80: 00004433 | C80: SINAPI | D80: CAIBRO NAO APARELHADO *6 X 6* CM, EM MACARANDUBA/MASSARANDUBA, ANGELIM OU EQUIVALENTE DA REGIAO - BRUTA | E80: Material | G80: M | H80: 0.4125 | I80: 23.31 | J80: 9.61
A81: Insumo | B81: 00004417 | C81: SINAPI | D81: SARRAFO NAO APARELHADO *2,5 X 7* CM, EM MACARANDUBA/MASSARANDUBA, ANGELIM, PEROBA-ROSA OU EQUIVALENTE DA REGIAO - BRUTA | E81: Material | G81: M | H81: 0.7445 | I81: 6.48 | J81: 4.82
A82: Insumo | B82: 00010567 | C82: SINAPI | D82: TABUA *2,5 X 23* CM EM PINUS, MISTA OU EQUIVALENTE DA REGIAO - BRUTA | E82: Material | G82: M | H82: 0.55 | I82: 12.67 | J82: 6.96
A83: Insumo | B83: 00005068 | C83: SINAPI | D83: PREGO DE ACO POLIDO COM CABECA 17 X 21 (2 X 11) | E83: Material | G83: KG | H83: 0.111 | I83: 20.34 | J83: 2.25
A84: Insumo | B84: 00007356 | C84: SINAPI | D84: TINTA LATEX ACRILICA PREMIUM, COR BRANCO FOSCO | E84: Material | G84: L | H84: 0.0256 | I84: 29.65 | J84: 0.75
B88: Código | C88: Banco | D88: Descrição | E88: Tipo | G88: Und | H88: Quant. | I88: Valor Unit | J88: Total
A89: Composição | B89: 98525 | C89: SINAPI | D89: LIMPEZA MECANIZADA DE CAMADA VEGETAL, VEGETAÇÃO E PEQUENAS ÁRVORES (DIÂMETRO DE TRONCO MENOR QUE 0,20 M), COM TRATOR DE ESTEIRAS. AF_03/2024 | E89: URBA - URBANIZAÇÃO | G89: m² | H89: 1 | I89: 0.6 | J89: 0.6
A90: Composição Auxiliar | B90: 89031 | C90: SINAPI | D90: TRATOR DE ESTEIRAS, POTÊNCIA 100 HP, PESO OPERACIONAL 9,4 T, COM LÂMINA 2,19 M3 - CHI DIURNO. AF_06/2014 | E90: CHOR - CUSTOS HORÁRIOS DE MÁQUINAS E EQUIPAMENTOS | G90: CHI | H90: 0.0029 | I90: 70.1 | J90: 0.2
A91: Composição Auxiliar | B91: 89032 | C91: SINAPI | D91: TRATOR DE ESTEIRAS, POTÊNCIA 100 HP, PESO OPERACIONAL 9,4 T, COM LÂMINA 2,19 M3 - CHP DIURNO. AF_06/2014 | E91: CHOR - CUSTOS HORÁRIOS DE MÁQUINAS E EQUIPAMENTOS | G91: CHP | H91: 0.0017 | I91: 192.46 | J91: 0.32
A92: Composição Auxiliar | B92: 88441 | C92: SINAPI | D92: JARDINEIRO COM ENCARGOS COMPLEMENTARES | E92: SEDI - SERVIÇOS DIVERSOS | G92: H | H92: 0.0046 | I92: 19.5 | J92: 0.08
B96: Código | C96: Banco | D96: Descrição | E96: Tipo | G96: Und | H96: Quant. | I96: Valor Unit | J96: Total
A97: Composição | B97: 96521 | C97: SINAPI | D97: ESCAVAÇÃO MECANIZADA PARA BLOCO DE COROAMENTO OU SAPATA COM RETROESCAVADEIRA (INCLUINDO ESCAVAÇÃO PARA COLOCAÇÃO DE FÔRMAS). AF_01/2024 | E97: MOVT - MOVIMENTO DE TERRA | G97: m³ | H97: 1 | I97: 37.7 | J97: 37.7
A98: Composição Auxiliar | B98: 88316 | C98: SINAPI | D98: SERVENTE COM ENCARGOS COMPLEMENTARES | E98: SEDI - SERVIÇOS DIVERSOS | G98: H | H98: 0.166 | I98: 18.67 | J98: 3.09
A99: Composição Auxiliar | B99: 5678 | C99: SINAPI | D99: RETROESCAVADEIRA SOBRE RODAS COM CARREGADEIRA, TRAÇÃO 4X4, POTÊNCIA LÍQ. 88 HP, CAÇAMBA CARREG. CAP. MÍN. 1 M3, CAÇAMBA RETRO CAP. 0,26 M3, PESO OPERACIONAL MÍN. 6.674 KG, PROFUNDIDADE ESCAVAÇÃO MÁX. 4,37 M - CHP DIURNO. AF_06/2014 | E99: CHOR - CUSTOS HORÁRIOS DE MÁQUINAS E EQUIPAMENTOS | G99: CHP | H99: 0.192 | I99: 139.64 | J99: 26.81
A100: Composição Auxiliar | B100: 88309 | C100: SINAPI | D100: PEDREIRO COM ENCARGOS COMPLEMENTARES | E100: SEDI - SERVIÇOS DIVERSOS | G100: H | H100: 0.105 | I100: 23.1 | J100: 2.42
A101: Composição Auxiliar | B101: 5679 | C101: SINAPI | D101: RETROESCAVADEIRA SOBRE RODAS COM CARREGADEIRA, TRAÇÃO 4X4, POTÊNCIA LÍQ. 88 HP, CAÇAMBA CARREG. CAP. MÍN. 1 M3, CAÇAMBA RETRO CAP. 0,26 M3, PESO OPERACIONAL MÍN. 6.674 KG, PROFUNDIDADE ESCAVAÇÃO MÁX. 4,37 M - CHI DIURNO. AF_06/2014 | E101: CHOR - CUSTOS HORÁRIOS DE MÁQUINAS E EQUIPAMENTOS | G101: CHI | H101: 0.096 | I101: 56.07 | J101: 5.38
B105: Código | C105: Banco | D105: Descrição | E105: Tipo | G105: Und | H105: Quant. | I105: Valor Unit | J105: Total
A106: Composição | B106: 94318 | C106: SINAPI | D106: ATERRO MECANIZADO DE VALA COM RETROESCAVADEIRA (CAPACIDADE DA CAÇAMBA DA RETRO: 0,26 M³ / POTÊNCIA: 88 HP), LARGURA ATÉ 1,5 M, PROFUNDIDADE DE 1,5 A 3,0 M, COM SOLO ARGILO-ARENOSO. AF_08/2023 | E106: MOVT - MOVIMENTO DE TERRA | G106: m³ | H106: 1 | I106: 62.91 | J106: 62.91
A107: Composição Auxiliar | B107: 5901 | C107: SINAPI | D107: CAMINHÃO PIPA 10.000 L TRUCADO, PESO BRUTO TOTAL 23.000 KG, CARGA ÚTIL MÁXIMA 15.935 KG, DISTÂNCIA ENTRE EIXOS 4,8 M, POTÊNCIA 230 CV, INCLUSIVE TANQUE DE AÇO PARA TRANSPORTE DE ÁGUA - CHP DIURNO. AF_06/2014 | E107: CHOR - CUSTOS HORÁRIOS DE MÁQUINAS E EQUIPAMENTOS | G107: CHP | H107: 0.0054 | I107: 312.27 | J107: 1.68
A108: Composição Auxiliar | B108: 88316 | C108: SINAPI | D108: SERVENTE COM ENCARGOS COMPLEMENTARES | E108: SEDI - SERVIÇOS DIVERSOS | G108: H | H108: 0.0303 | I108: 18.67 | J108: 0.56
A109: Composição Auxiliar | B109: 5678 | C109: SINAPI | D109: RETROESCAVADEIRA SOBRE RODAS COM CARREGADEIRA, TRAÇÃO 4X4, POTÊNCIA LÍQ. 88 HP, CAÇAMBA CARREG. CAP. MÍN. 1 M3, CAÇAMBA RETRO CAP. 0,26 M3, PESO OPERACIONAL MÍN. 6.674 KG, PROFUNDIDADE ESCAVAÇÃO MÁX. 4,37 M - CHP DIURNO. AF_06/2014 | E109: CHOR - CUSTOS HORÁRIOS DE MÁQUINAS E EQUIPAMENTOS | G109: CHP | H109: 0.0222 | I109: 139.64 | J109: 3.1
A110: Composição Auxiliar | B110: 91533 | C110: SINAPI | D110: COMPACTADOR DE SOLOS DE PERCUSSÃO (SOQUETE) COM MOTOR A GASOLINA 4 TEMPOS, POTÊNCIA 4 CV - CHP DIURNO. AF_08/2015 | E110: CHOR - CUSTOS HORÁRIOS DE MÁQUINAS E EQUIPAMENTOS | G110: CHP | H110: 0.1285 | I110: 30.12 | J110: 3.87
A111: Composição Auxiliar | B111: 5903 | C111: SINAPI | D111: CAMINHÃO PIPA 10.000 L TRUCADO, PESO BRUTO TOTAL 23.000 KG, CARGA ÚTIL MÁXIMA 15.935 KG, DISTÂNCIA ENTRE EIXOS 4,8 M, POTÊNCIA 230 CV, INCLUSIVE TANQUE DE AÇO PARA TRANSPORTE DE ÁGUA - CHI DIURNO. AF_06/2014 | E111: CHOR - CUSTOS HORÁRIOS DE MÁQUINAS E EQUIPAMENTOS | G111: CHI | H111: 0.0006 | I111: 68.21 | J111: 0.04
A112: Composição Auxiliar | B112: 5679 | C112: SINAPI | D112: RETROESCAVADEIRA SOBRE RODAS COM CARREGADEIRA, TRAÇÃO 4X4, POTÊNCIA LÍQ. 88 HP, CAÇAMBA CARREG. CAP. MÍN. 1 M3, CAÇAMBA RETRO CAP. 0,26 M3, PESO OPERACIONAL MÍN. 6.674 KG, PROFUNDIDADE ESCAVAÇÃO MÁX. 4,37 M - CHI DIURNO. AF_06/2014 | E112: CHOR - CUSTOS HORÁRIOS DE MÁQUINAS E EQUIPAMENTOS | G112: CHI | H112: 0.0321 | I112: 56.07 | J112: 1.79
A113: Insumo | B113: 00006079 | C113: SINAPI | D113: ARGILA, ARGILA VERMELHA OU ARGILA ARENOSA (RETIRADA NA JAZIDA, SEM TRANSPORTE) | E113: Material | G113: M³ | H113: 1.3889 | I113: 37.35 | J113: 51.87
B117: Código | C117: Banco | D117: Descrição | E117: Tipo | G117: Und | H117: Quant. | I117: Valor Unit | J117: Total
A118: Composição | B118: 96525 | C118: SINAPI | D118: ESCAVAÇÃO MECANIZADA PARA VIGA BALDRAME OU SAPATA CORRIDA COM MINI-ESCAVADEIRA (INCLUINDO ESCAVAÇÃO PARA COLOCAÇÃO DE FÔRMAS). AF_01/2024 | E118: MOVT - MOVIMENTO DE TERRA | G118: m³ | H118: 1 | I118: 50.7 | J118: 50.7
A119: Composição Auxiliar | B119: 96246 | C119: SINAPI | D119: MINIESCAVADEIRA SOBRE ESTEIRAS, POTÊNCIA LÍQUIDA DE *30* HP, PESO OPERACIONAL DE *3.500* KG - CHI DIURNO. AF_04/2017 | E119: CHOR - CUSTOS HORÁRIOS DE MÁQUINAS E EQUIPAMENTOS | G119: CHI | H119: 0.164 | I119: 58.78 | J119: 9.63
A120: Composição Auxiliar | B120: 88316 | C120: SINAPI | D120: SERVENTE COM ENCARGOS COMPLEMENTARES | E120: SEDI - SERVIÇOS DIVERSOS | G120: H | H120: 0.136 | I120: 18.67 | J120: 2.53
A121: Composição Auxiliar | B121: 88309 | C121: SINAPI | D121: PEDREIRO COM ENCARGOS COMPLEMENTARES | E121: SEDI - SERVIÇOS DIVERSOS | G121: H | H121: 0.086 | I121: 23.1 | J121: 1.98
A122: Composição Auxiliar | B122: 96245 | C122: SINAPI | D122: MINIESCAVADEIRA SOBRE ESTEIRAS, POTÊNCIA LÍQUIDA DE *30* HP, PESO OPERACIONAL DE *3.500* KG - CHP DIURNO. AF_04/2017 | E122: CHOR - CUSTOS HORÁRIOS DE MÁQUINAS E EQUIPAMENTOS | G122: CHP | H122: 0.328 | I122: 111.48 | J122: 36.56
B126: Código | C126: Banco | D126: Descrição | E126: Tipo | G126: Und | H126: Quant. | I126: Valor Unit | J126: Total
A127: Composição | B127: 101617 | C127: SINAPI | D127: PREPARO DE FUNDO DE VALA COM LARGURA MAIOR OU IGUAL A 1,5 M E MENOR QUE 2,5 M (ACERTO DO SOLO NATURAL). AF_08/2020 | E127: MOVT - MOVIMENTO DE TERRA | G127: m² | H127: 1 | I127: 2.65 | J127: 2.65
A128: Composição Auxiliar | B128: 88309 | C128: SINAPI | D128: PEDREIRO COM ENCARGOS COMPLEMENTARES | E128: SEDI - SERVIÇOS DIVERSOS | G128: H | H128: 0.0507 | I128: 23.1 | J128: 1.17
A129: Composição Auxiliar | B129: 88316 | C129: SINAPI | D129: SERVENTE COM ENCARGOS COMPLEMENTARES | E129: SEDI - SERVIÇOS DIVERSOS | G129: H | H129: 0.076 | I129: 18.67 | J129: 1.41
A130: Composição Auxiliar | B130: 91533 | C130: SINAPI | D130: COMPACTADOR DE SOLOS DE PERCUSSÃO (SOQUETE) COM MOTOR A GASOLINA 4 TEMPOS, POTÊNCIA 4 CV - CHP DIURNO. AF_08/2015 | E130: CHOR - CUSTOS HORÁRIOS DE MÁQUINAS E EQUIPAMENTOS | G130: CHP | H130: 0.0016 | I130: 30.12 | J130: 0.04
A131: Composição Auxiliar | B131: 91534 | C131: SINAPI | D131: COMPACTADOR DE SOLOS DE PERCUSSÃO (SOQUETE) COM MOTOR A GASOLINA 4 TEMPOS, POTÊNCIA 4 CV - CHI DIURNO. AF_08/2015 | E131: CHOR - CUSTOS HORÁRIOS DE MÁQUINAS E EQUIPAMENTOS | G131: CHI | H131: 0.0016 | I131: 22.79 | J131: 0.03
B135: Código | C135: Banco | D135: Descrição | E135: Tipo | G135: Und | H135: Quant. | I135: Valor Unit | J135: Total
A136: Composição | B136: 93381 | C136: SINAPI | D136: REATERRO MECANIZADO DE VALA COM RETROESCAVADEIRA (CAPACIDADE DA CAÇAMBA DA RETRO: 0,26 M³/POTÊNCIA: 88 HP), LARGURA 0,8 A 1,5 M, PROFUNDIDADE 1,5 A 3,0 M, COM SOLO (SEM SUBSTITUIÇÃO) DE 1ª CATEGORIA E COMPACTADOR DE SOLOS DE PERCUSSÃO. AF_08/2023 | E136: MOVT - MOVIMENTO DE TERRA | G136: m³ | H136: 1 | I136: 11.04 | J136: 11.04
A137: Composição Auxiliar | B137: 91533 | C137: SINAPI | D137: COMPACTADOR DE SOLOS DE PERCUSSÃO (SOQUETE) COM MOTOR A GASOLINA 4 TEMPOS, POTÊNCIA 4 CV - CHP DIURNO. AF_08/2015 | E137: CHOR - CUSTOS HORÁRIOS DE MÁQUINAS E EQUIPAMENTOS | G137: CHP | H137: 0.1285 | I137: 30.12 | J137: 3.87
A138: Composição Auxiliar | B138: 5679 | C138: SINAPI | D138: RETROESCAVADEIRA SOBRE RODAS COM CARREGADEIRA, TRAÇÃO 4X4, POTÊNCIA LÍQ. 88 HP, CAÇAMBA CARREG. CAP. MÍN. 1 M3, CAÇAMBA RETRO CAP. 0,26 M3, PESO OPERACIONAL MÍN. 6.674 KG, PROFUNDIDADE ESCAVAÇÃO MÁX. 4,37 M - CHI DIURNO. AF_06/2014 | E138: CHOR - CUSTOS HORÁRIOS DE MÁQUINAS E EQUIPAMENTOS | G138: CHI | H138: 0.0321 | I138: 56.07 | J138: 1.79
A139: Composição Auxiliar | B139: 5901 | C139: SINAPI | D139: CAMINHÃO PIPA 10.000 L TRUCADO, PESO BRUTO TOTAL 23.000 KG, CARGA ÚTIL MÁXIMA 15.935 KG, DISTÂNCIA ENTRE EIXOS 4,8 M, POTÊNCIA 230 CV, INCLUSIVE TANQUE DE AÇO PARA TRANSPORTE DE ÁGUA - CHP DIURNO. AF_06/2014 | E139: CHOR - CUSTOS HORÁRIOS DE MÁQUINAS E EQUIPAMENTOS | G139: CHP | H139: 0.0054 | I139: 312.27 | J139: 1.68
A140: Composição Auxiliar | B140: 88316 | C140: SINAPI | D140: SERVENTE COM ENCARGOS COMPLEMENTARES | E140: SEDI - SERVIÇOS DIVERSOS | G140: H | H140: 0.0303 | I140: 18.67 | J140: 0.56
A141: Composição Auxiliar | B141: 5678 | C141: SINAPI | D141: RETROESCAVADEIRA SOBRE RODAS COM CARREGADEIRA, TRAÇÃO 4X4, POTÊNCIA LÍQ. 88 HP, CAÇAMBA CARREG. CAP. MÍN. 1 M3, CAÇAMBA RETRO CAP. 0,26 M3, PESO OPERACIONAL MÍN. 6.674 KG, PROFUNDIDADE ESCAVAÇÃO MÁX. 4,37 M - CHP DIURNO. AF_06/2014 | E141: CHOR - CUSTOS HORÁRIOS DE MÁQUINAS E EQUIPAMENTOS | G141: CHP | H141: 0.0222 | I141: 139.64 | J141: 3.1
A142: Composição Auxiliar | B142: 5903 | C142: SINAPI | D142: CAMINHÃO PIPA 10.000 L TRUCADO, PESO BRUTO TOTAL 23.000 KG, CARGA ÚTIL MÁXIMA 15.935 KG, DISTÂNCIA ENTRE EIXOS 4,8 M, POTÊNCIA 230 CV, INCLUSIVE TANQUE DE AÇO PARA TRANSPORTE DE ÁGUA - CHI DIURNO. AF_06/2014 | E142: CHOR - CUSTOS HORÁRIOS DE MÁQUINAS E EQUIPAMENTOS | G142: CHI | H142: 0.0006 | I142: 68.21 | J142: 0.04
B146: Código | C146: Banco | D146: Descrição | E146: Tipo | G146: Und | H146: Quant. | I146: Valor Unit | J146: Total
A147: Composição | B147: 100897 | C147: SINAPI | D147: ESTACA ESCAVADA MECANICAMENTE, SEM FLUIDO ESTABILIZANTE, COM 40CM DE DIÂMETRO, CONCRETO LANÇADO POR CAMINHÃO BETONEIRA (EXCLUSIVE MOBILIZAÇÃO E DESMOBILIZAÇÃO). AF_01/2020_PA | E147: FUES - FUNDAÇÕES E ESTRUTURAS | G147: M | H147: 1 | I147: 121.99 | J147: 121.99
...

Sheet COMPOSIÇÕES - FNDE
B1: R & S ENGENHARIA E CONSULTORIA
C3: CNPJ: 30.836.850/0001-95
D4: Endereço: Rua Euclides Magno Bacalhau, n° 195, Centro, Ingá – PB
D5: Telefone: (83) 9 9806-7435
D6: E-mail: resengenhariaeconsultoria@outlook.com
A10: OBRA: CONTRATAÇÃO DE EMPRESA ESPECIALIZADA PARA EXECUÇÃO DE ESCOLA COM 13 SALAS – TÉRREO, NO MUNICÍPIO DE MOGEIRO –PB, CONFORME TERMO DE COMPROMISSO Nº 960784/2024/FNDE/CAIXA – OPERAÇÃO Nº 1094601–47 – PROGRAMA: EDUCAÇÃO BÁSICA DEMOCRÁTICA, COM QUALIDADE E EQUIDADE.
A11: LOCAL: MUNICIPIO DE MOGEIRO/PB
A12: BDI: 22,47%
A13: SINAPI: PB 01/2025-ORSE: SE 12/2024/PRÓPIO - PREÇOS NÃO DESONERADOS
A14: Encargos Sociais Encargos sociais SEM desoneração: Horista: 113,60% Mensalista: 69,85%
A16: PREFEITURA MUNICIPAL DE MOGEIRO/PB
A17: CONCORRÊNCIA ELETRÔNICA N° 00008/2025
A19: COMPOSIÇÕES - PRÓPRIAS
A21: FNDE 03 LIGAÇÃO PROVISÓRIA DE ÁGUA E ESGOTO (UN)
A22: Material | C22: FONTE | D22: UNID | E22: COEFICIENTE | F22: PREÇO UNITÁRIO | G22: TOTAL
A23: 370 | B23: AREIA MEDIA - POSTO JAZIDA/FORNECEDOR (RETIRADO NA JAZIDA, SEM TRANSPORTE) - Percentual=1,0000% | C23: SINAPI | D23: M3 | E23: 0.02 | F23: 75 | G23: =F23*E23 -> 1.5
A24: 00010420 | B24: BACIA SANITARIA (VASO) CONVENCIONAL, DE LOUCA BRANCA, SIFAO APARENTE, SAIDA VERTICAL (SEM ASSENTO) - Percentual=1,0000% | C24: SINAPI | D24: UN | E24: 1 | F24: 198.76 | G24: =F24*E24 -> 198.76
A25: 00011868 | B25: CAIXA D'AGUA / RESERVATORIO EM POLIESTER REFORCADO COM FIBRA DE VIDRO,1000 LITROS, COM TAMPA - Percentual=1,0000% | C25: SINAPI | D25: UN | E25: 1 | F25: 616.74 | G25: =F25*E25 -> 616.74
A26: 00020247 | B26: PREGO DE ACO POLIDO COM CABECA 15 X 15 (1 1/4 X 13) - Percentual=1,0000% | C26: SINAPI | D26: KG | E26: 1 | F26: 16.05 | G26: =F26*E26 -> 16.05
A27: 00020205 | B27: RIPA APARELHADA *1,5 X 5* CM, EM MACARANDUBA/MASSARANDUBA, ANGELIM OU EQUIVALENTE DA REGIAO - Percentual=1,0000% | C27: SINAPI | D27: M | E27: 8 | F27: 4.12 | G27: =F27*E27 -> 32.96
A28: 00021009 | B28: TUBO ACO GALVANIZADO COM COSTURA, CLASSE LEVE, DN 20 MM ( 3/4"), E = 2,25 MM, *1,3* KG/M (NBR 5580) - Percentual=1,0000% | C28: SINAPI | D28: M | E28: 30 | F28: 24.09 | G28: =F28*E28 -> 722.7
A29: 00009841 | B29: TUBO PVC, SERIE R, DN 100 MM, PARA ESGOTO OU AGUAS PLUVIAIS PREDIAL (NBR 5688) - Percentual=1,0000% | C29: SINAPI | D29: M | E29: 5 | F29: 21.197 | G29: =F29*E29 -> 105.985
A30: 00009841 | B30: TUBO PVC, SERIE R, DN 100 MM, PARA ESGOTO OU AGUAS PLUVIAIS PREDIAL (NBR 5688) - Percentual=1,0000% | C30: SINAPI | D30: M | E30: 5 | F30: =F29 -> 21.197 | G30: =F30*E30 -> 105.985
E31: TOTAL Material: | G31: =SUM(G23:G30) -> 1800.68
A32: Mão de Obra com Encargos Complementares | C32: FONTE | D32: UNID | E32: COEFICIENTE | F32: PREÇO UNITÁRIO | G32: TOTAL
A33: 88248 | B33: AUXILIAR DE ENCANADOR OU BOMBEIRO HIDRÁULICO COM ENCARGOS COMPLEMENTARES - Percentual=1,0000% | C33: SINAPI | D33: H | E33: 4 | F33: 29.77 | G33: =F33*E33 -> 119.08
A34: 88267 | B34: ENCANADOR OU BOMBEIRO HIDRÁULICO COM ENCARGOS COMPLEMENTARES - Percentual=1,0000% | C34: SINAPI | D34: H | E34: 8 | F34: 35.69 | G34: =F34*E34 -> 285.52
A35: 88309 | B35: PEDREIRO COM ENCARGOS COMPLEMENTARES - Percentual=1,0000% | C35: SINAPI | D35: H | E35: 8 | F35: 32.57 | G35: =F35*E35 -> 260.56
A36: 88316 | B36: SERVENTE COM ENCARGOS COMPLEMENTARES - Percentual=1,0000% | C36: SINAPI | D36: H | E36: 8.12 | F36: 28.17 | G36: =F36*E36 -> 228.7404
E37: TOTAL Mão de Obra com Encargos Complementares: | G37: =SUM(G33:G36) -> 893.9004
A38: Serviço | C38: FONTE | D38: UNID | E38: COEFICIENTE | F38: PREÇO UNITÁRIO | G38: TOTAL
A39: 92273 | B39: FABRICAÇÃO DE ESCORAS DO TIPO PONTALETE, EM MADEIRA, PARA PÉ-DIREITO SIMPLES. AF_09/2020 - Percentual=1,0000% | C39: SINAPI | D39: M | E39: 17 | F39: 15.21 | G39: =F39*E39 -> 258.57
E40: TOTAL Serviço: | G40: =G39 -> 258.57
E41: VALOR: | G41: =SUM(G40,G37,G31) -> 2953.1504
A43: FNDE 52 ADMINISTRAÇÃO LOCAL (UN)
A44: Mão de Obra com Encargos Complementares | C44: FONTE | D44: UNID | E44: COEFICIENTE | F44: PREÇO UNITÁRIO | G44: TOTAL
A45: 93563 | B45: ALMOXARIFE COM ENCARGOS COMPLEMENTARES | C45: SINAPI | D45: MES | E45: 14 | F45: 6499.084 | G45: =F45*E45 -> 90987.176
A46: 93572 | B46: ENCARREGADO GERAL DE OBRAS COM ENCARGOS COMPLEMENTARES | C46: SINAPI | D46: MES | E46: 14 | F46: 8369.11 | G46: =F46*E46 -> 117167.54
A47: 93565 | B47: ENGENHEIRO CIVIL DE OBRA JUNIOR COM ENCARGOS COMPLEMENTARES | C47: SINAPI | D47: MES | E47: 7 | F47: 21240.35 | G47: =F47*E47 -> 148682.45
A48: 94295 | B48: MESTRE DE OBRAS COM ENCARGOS COMPLEMENTARES | C48: SINAPI | D48: MES | E48: 14 | F48: 13327.43 | G48: =F48*E48 -> 186584.02
A49: 101452 | B49: SERVENTE DE OBRAS COM ENCARGOS COMPLEMENTARES | C49: SINAPI | D49: MES | E49: 14 | F49: 5022.99 | G49: =F49*E49 -> 70321.86
E50: TOTAL Mão de Obra com Encargos Complementares: | G50: =SUM(G45:G49) -> 613743.05
E51: VALOR: | G51: =G50 -> 613743.05
A53: FNDE 230 LOCACAO DE CONTAINER 2,30 X 6,00 M, ALT. 2,50 M, PARA ESCRITORIO, SEM DIVISORIAS INTERNAS E SEM SANITARIO (NAO INCLUI MOBILIZACAO/DESMOBILIZACAO) (MÊS)
A54: Equipamento | C54: FONTE | D54: UNID | E54: COEFICIENTE | F54: PREÇO UNITÁRIO | G54: TOTAL
A55: 00010776 | B55: LOCACAO DE CONTAINER 2,30 X 6,00 M, ALT. 2,50 M, PARA ESCRITORIO, SEM DIVISORIAS INTERNAS E SEM SANITARIO (NAO INCLUI MOBILIZACAO/DESMOBILIZACAO) | C55: SINAPI | D55: MES | E55: 1 | F55: 640.62 | G55: 640.62
E56: TOTAL Equipamento: | G56: 640.62
E57: VALOR: | G57: 640.62
A59: FNDE 231 LOCACAO DE CONTAINER 2,30 X 6,00 M, ALT. 2,50 M, COM 1 SANITARIO, PARA ESCRITORIO, COMPLETO, SEM DIVISORIAS INTERNAS (NAO INCLUI MOBILIZACAO/DESMOBILIZACAO) (MÊS)
A60: Equipamento | C60: FONTE | D60: UNID | E60: COEFICIENTE | F60: PREÇO UNITÁRIO | G60: TOTAL
A61: 00010775 | B61: LOCACAO DE CONTAINER 2,30 X 6,00 M, ALT. 2,50 M, COM 1 SANITARIO, PARA ESCRITORIO, COMPLETO, SEM DIVISORIAS INTERNAS (NAO INCLUI MOBILIZACAO/DESMOBILIZACAO) | C61: SINAPI | D61: MES | E61: 1 | F61: 820 | G61: 820
E62: TOTAL Equipamento: | G62: 820
E63: VALOR: | G63: 820
A65: FNDE 232 LOCACAO DE CONTAINER 2,30 X 6,00 M, ALT. 2,50 M, PARA SANITARIO, COM 4 BACIAS, 8 CHUVEIROS,1 LAVATORIO E 1 MICTORIO (NAO INCLUI MOBILIZACAO/DESMOBILIZACAO) (MÊS)
A66: Equipamento | C66: FONTE | D66: UNID | E66: COEFICIENTE | F66: PREÇO UNITÁRIO | G66: TOTAL
A67: 00010778 | B67: LOCACAO DE CONTAINER 2,30 X 6,00 M, ALT. 2,50 M, PARA SANITARIO, COM 4 BACIAS, 8 CHUVEIROS,1 LAVATORIO E 1 MICTORIO (NAO INCLUI MOBILIZACAO/DESMOBILIZACAO) | C67: SINAPI | D67: MES | E67: 1 | F67: 1025 | G67: 1025
E68: TOTAL Equipamento: | G68: 1025
E69: VALOR: | G69: 1025
A71: FNDE 236 ESTACA ESCAVADA MECANICAMENTE, SEM FLUIDO ESTABILIZANTE, COM 40CM DE DIÂMETRO, CONCRETO LANÇADO POR CAMINHÃO BETONEIRA (EXCLUSIVE MOBILIZAÇÃO E DESMOBILIZAÇÃO) - MURO (M)
A72: Equipamento Custo Horário | C72: FONTE | D72: UNID | E72: COEFICIENTE | F72: PREÇO UNITÁRIO | G72: TOTAL
A73: 90681 | B73: PERFURATRIZ HIDRÁULICA SOBRE CAMINHÃO COM TRADO CURTO ACOPLADO, PROFUNDIDADE MÁXIMA DE 20 M, DIÂMETRO MÁXIMO DE 1500 MM, POTÊNCIA INSTALADA DE 137 HP, MESA ROTATIVA COM TORQUE MÁXIMO DE 30 KNM - CHI DIURNO. AF_06/2015 | C73: SINAPI | D73: CHI | E73: 0.0612 | F73: 177.02 | G73: =F73*E73 -> 10.833624
A74: 90680 | B74: PERFURATRIZ HIDRÁULICA SOBRE CAMINHÃO COM TRADO CURTO ACOPLADO, PROFUNDIDADE MÁXIMA DE 20 M, DIÂMETRO MÁXIMO DE 1500 MM, POTÊNCIA INSTALADA DE 137 HP, MESA ROTATIVA COM TORQUE MÁXIMO DE 30 KNM - CHP DIURNO. AF_06/2015 | C74: SINAPI | D74: CHP | E74: 0.0342 | F74: 409.85 | G74: =F74*E74 -> 14.01687
E75: TOTAL Equipamento Custo Horário: | G75: =SUM(G74,G73) -> 24.850494
A76: Material | C76: FONTE | D76: UNID | E76: COEFICIENTE | F76: PREÇO UNITÁRIO | G76: TOTAL
A77: 00038405 | B77: CONCRETO USINADO BOMBEAVEL, CLASSE DE RESISTENCIA C25, COM BRITA 0 E 1, SLUMP = 130 +/- 20 MM, EXCLUI SERVICO DE BOMBEAMENTO (NBR 8953) | C77: SINAPI | D77: M3 | E77: 0.01148 | F77: 459.13 | G77: =F77*E77 -> 5.2708124
E78: TOTAL Material: | G78: =G77 -> 5.2708124
A79: Mão de Obra com Encargos Complementares | C79: FONTE | D79: UNID | E79: COEFICIENTE | F79: PREÇO UNITÁRIO | G79: TOTAL
A80: 90778 | B80: ENGENHEIRO CIVIL DE OBRA PLENO COM ENCARGOS COMPLEMENTARES | C80: SINAPI | D80: H | E80: 0.0064 | F80: 123.76 | G80: =F80*E80 -> 0.792064
A81: 88316 | B81: SERVENTE COM ENCARGOS COMPLEMENTARES | C81: SINAPI | D81: H | E81: 0.2795 | F81: 28.17 | G81: =F81*E81 -> 7.873515
E82: TOTAL Mão de Obra com Encargos Complementares: | G82: =SUM(G81,G80) -> 8.665579
A83: Serviço | C83: FONTE | D83: UNID | E83: COEFICIENTE | F83: PREÇO UNITÁRIO | G83: TOTAL
A84: 100973 | B84: CARGA, MANOBRA E DESCARGA DE SOLOS E MATERIAIS GRANULARES EM CAMINHÃO BASCULANTE 6 M³ - CARGA COM PÁ CARREGADEIRA (CAÇAMBA DE 1,7 A 2,8 M³ / 128 HP) E DESCARGA LIVRE (UNIDADE: M3). AF_07/2020 | C84: SINAPI | D84: M3 | E84: 0.1571 | F84: 9.07 | G84: =F84*E84 -> 1.424897
A85: 95579 | B85: MONTAGEM DE ARMADURA DE ESTACAS, DIÂMETRO = 16,0 MM. AF_09/2021_PS | C85: SINAPI | D85: KG | E85: 1.3913 | F85: 8.28 | G85: =F85*E85 -> 11.519964
A86: 97913 | B86: TRANSPORTE COM CAMINHÃO BASCULANTE DE 6 M³, EM VIA URBANA EM REVESTIMENTO PRIMÁRIO (UNIDADE: M3XKM). AF_07/2020 | C86: SINAPI | D86: M3XKM | E86: 0.0524 | F86: 3.34 | G86: =F86*E86 -> 0.175016
E87: TOTAL Serviço: | G87: =SUM(G84:G86) -> 13.119877
E88: VALOR: | G88: =SUM(G87,G82,G78,G75) -> 51.906762
A90: FNDE 237 ESTACA ESCAVADA MECANICAMENTE, SEM FLUIDO ESTABILIZANTE, COM 40CM DE DIÂMETRO, CONCRETO LANÇADO POR CAMINHÃO BETONEIRA (EXCLUSIVE MOBILIZAÇÃO E DESMOBILIZAÇÃO). RESERVATÓRIO (M)
A91: Equipamento Custo Horário | C91: FONTE | D91: UNID | E91: COEFICIENTE | F91: PREÇO UNITÁRIO | G91: TOTAL
A92: 90681 | B92: PERFURATRIZ HIDRÁULICA SOBRE CAMINHÃO COM TRADO CURTO ACOPLADO, PROFUNDIDADE MÁXIMA DE 20 M, DIÂMETRO MÁXIMO DE 1500 MM, POTÊNCIA INSTALADA DE 137 HP, MESA ROTATIVA COM TORQUE MÁXIMO DE 30 KNM - CHI DIURNO. AF_06/2015 | C92: SINAPI | D92: CHI | E92: 0.0612 | F92: 177.02 | G92: =F92*E92 -> 10.833624
A93: 90680 | B93: PERFURATRIZ HIDRÁULICA SOBRE CAMINHÃO COM TRADO CURTO ACOPLADO, PROFUNDIDADE MÁXIMA DE 20 M, DIÂMETRO MÁXIMO DE 1500 MM, POTÊNCIA INSTALADA DE 137 HP, MESA ROTATIVA COM TORQUE MÁXIMO DE 30 KNM - CHP DIURNO. AF_06/2015 | C93: SINAPI | D93: CHP | E93: 0.0342 | F93: 409.85 | G93: =F93*E93 -> 14.01687
E94: TOTAL Equipamento Custo Horário: | G94: =SUM(G93,G92) -> 24.850494
A95: Material | C95: FONTE | D95: UNID | E95: COEFICIENTE | F95: PREÇO UNITÁRIO | G95: TOTAL
A96: 00038405 | B96: CONCRETO USINADO BOMBEAVEL, CLASSE DE RESISTENCIA C25, COM BRITA 0 E 1, SLUMP = 130 +/- 20 MM, EXCLUI SERVICO DE BOMBEAMENTO (NBR 8953) | C96: SINAPI | D96: M3 | E96: 0.1889 | F96: 459.13 | G96: =F96*E96 -> 86.729657
E97: TOTAL Material: | G97: =G96 -> 86.729657
A98: Mão de Obra com Encargos Complementares | C98: FONTE | D98: UNID | E98: COEFICIENTE | F98: PREÇO UNITÁRIO | G98: TOTAL
A99: 90778 | B99: ENGENHEIRO CIVIL DE OBRA PLENO COM ENCARGOS COMPLEMENTARES | C99: SINAPI | D99: H | E99: 0.0064 | F99: 123.76 | G99: =F99*E99 -> 0.792064
A100: 88316 | B100: SERVENTE COM ENCARGOS COMPLEMENTARES | C100: SINAPI | D100: H | E100: 0.2795 | F100: 28.17 | G100: =F100*E100 -> 7.873515
E101: TOTAL Mão de Obra com Encargos Complementares: | G101: =SUM(G99:G100) -> 8.665579
A102: Serviço | C102: FONTE | D102: UNID | E102: COEFICIENTE | F102: PREÇO UNITÁRIO | G102: TOTAL
A103: 100973 | B103: CARGA, MANOBRA E DESCARGA DE SOLOS E MATERIAIS GRANULARES EM CAMINHÃO BASCULANTE 6 M³ - CARGA COM PÁ CARREGADEIRA (CAÇAMBA DE 1,7 A 2,8 M³ / 128 HP) E DESCARGA LIVRE (UNIDADE: M3). AF_07/2020 | C103: SINAPI | D103: M3 | E103: 0.1571 | F103: 9.07 | G103: =F103*E103 -> 1.424897
A104: 95579 | B104: MONTAGEM DE ARMADURA DE ESTACAS, DIÂMETRO = 16,0 MM. AF_09/2021_PS | C104: SINAPI | D104: KG | E104: 1.3913 | F104: 8.28 | G104: =F104*E104 -> 11.519964
A105: 97913 | B105: TRANSPORTE COM CAMINHÃO BASCULANTE DE 6 M³, EM VIA URBANA EM REVESTIMENTO PRIMÁRIO (UNIDADE: M3XKM). AF_07/2020 | C105: SINAPI | D105: M3XKM | E105: 0.0524 | F105: 3.34 | G105: =F105*E105 -> 0.175016
E106: TOTAL Serviço: | G106: =SUM(G103:G105) -> 13.119877
E107: VALOR: | G107: =SUM(G106,G101,G97,G94) -> 133.36561
A109: FNDE 238 ESTACA ESCAVADA MECANICAMENTE, SEM FLUIDO ESTABILIZANTE, COM 40CM DE DIÂMETRO, CONCRETO LANÇADO POR CAMINHÃO BETONEIRA (EXCLUSIVE MOBILIZAÇÃO E DESMOBILIZAÇÃO) - ESTRUTURA METÁLICA (M)
A110: Equipamento Custo Horário | C110: FONTE | D110: UNID | E110: COEFICIENTE | F110: PREÇO UNITÁRIO | G110: TOTAL
A111: 90681 | B111: PERFURATRIZ HIDRÁULICA SOBRE CAMINHÃO COM TRADO CURTO ACOPLADO, PROFUNDIDADE MÁXIMA DE 20 M, DIÂMETRO MÁXIMO DE 1500 MM, POTÊNCIA INSTALADA DE 137 HP, MESA ROTATIVA COM TORQUE MÁXIMO DE 30 KNM - CHI DIURNO. AF_06/2015 | C111: SINAPI | D111: CHI | E111: 0.0612 | F111: 177.02 | G111: =F111*E111 -> 10.833624
A112: 90680 | B112: PERFURATRIZ HIDRÁULICA SOBRE CAMINHÃO COM TRADO CURTO ACOPLADO, PROFUNDIDADE MÁXIMA DE 20 M, DIÂMETRO MÁXIMO DE 1500 MM, POTÊNCIA INSTALADA DE 137 HP, MESA ROTATIVA COM TORQUE MÁXIMO DE 30 KNM - CHP DIURNO. AF_06/2015 | C112: SINAPI | D112: CHP | E112: 0.0342 | F112: 409.85 | G112: =F112*E112 -> 14.01687
E113: TOTAL Equipamento Custo Horário: | G113: =SUM(G111:G112) -> 24.850494
A114: Material | C114: FONTE | D114: UNID | E114: COEFICIENTE | F114: PREÇO UNITÁRIO | G114: TOTAL
...
